 Dungeon Crawl Stone Soup version 0.25.0-46-gbd7b0854d2 (webtiles) character file.

Game seed: 584934765203792314

9415721 ANON1729 the Merry Centaur (level 27, 281/281 HPs)
             Began as a Centaur Arcane Marksman on July 9, 2020.
             Was an Initiate of Gozag.
             Escaped with the Orb
             ... and 15 runes on July 12, 2020!
             The game lasted 15:42:36 (187311 turns).

ANON1729 the Merry Centaur (CeAM)                 Turns: 187311, Time: 15:42:37

Health: 281/281    AC: 52    Str: 30    XL:     27
Magic:  47/47      EV: 22    Int: 13    God:    Gozag
Gold:   5021       SH:  0    Dex: 26    Spells: 1/67 levels left

rFire    + + .     SeeInvis .   b - +7 lajatang of Order {silver, rMut}
rCold    + . .     Gourm    .   (shield currently unavailable)
rNeg     + + .     Faith    .   d - +12 chain mail "Usuecs" {Harm *Slow Regen+}
rPois    +         Spirit   +   l - +2 hat of the Bear Spirit {Spirit, +Rage rN+ MR++}
rElec    .         Reflect  .   Z - scarf {rC+ rF+}
rCorr    .         Harm     +   P - +2 pair of gloves {archery}
rMut     +                      G - +10 Black Knight's horse barding {ponderous, rPois rN+}
MR       ++++.                  N - amulet "Huageah" {Acrobat rC+}
Stlth    ++........             r - ring of Lepneir {rC- MR- Str+9 Dex+6 Slay+6}
HPRegen  0.96/turn              W - ring of the Scavenger {*Drain +Blink Dex+6 Slay+2 Stlth+}
MPRegen  0.30/turn

@: quick
A: large, hooves 3, horns 1, rugged brown scales 1, agile 1, deformed body,
deterioration 1, fire resistance 1, speed 2, magic resistance 1, screaming 2,
tough skin 3, weak 1
0: Orb of Zot
}: 15/15 runes: decaying, slimy, silver, golden, iron, obsidian, icy, bone,
abyssal, demonic, glowing, magical, fiery, dark, gossamer
a: Potion Petition, Call Merchant, Bribe Branch, Renounce Religion, Evoke Blink,
Evoke Berserk Rage


You escaped.
You worshipped Gozag.
Gozag was greatly pleased with you.
You were not hungry.

You visited 18 branches of the dungeon, and saw 90 of its levels.
You visited Pandemonium 1 time, and saw 23 of its levels.
You visited the Abyss 7 times.
You visited 2 bazaars.
You completed 1 ziggurat, and saw 27 of its levels.
You also visited: Ossuary, Volcano and Wizlab.

You collected 104424 gold pieces.
You spent 12834 gold pieces at shops.
You paid 86569 gold pieces to Gozag.

Inventory:

Hand Weapons
 a - the +6 shortbow of the Turnip {vorpal, Str+8}
   (You found it on level 5 of the Vaults)

   Any arrow fired from it inflicts extra damage.
   It affects your strength (+8).
 b - the +7 lajatang of Order (weapon) {silver, rMut}
   (You bought it in a shop on level 7 of the Dungeon)

   It protects you from mutation.
Missiles
 B - 120 silver javelins (quivered)
 U - 375 arrows
Armour
 d - the +12 chain mail "Usuecs" (worn) {Harm *Slow Regen+}
   (You bought it in a shop on level 2 of the Orcish Mines)

   It increases your rate of regeneration.
   It may slow you when you take damage.
   It increases damage dealt and taken.
 l - the +2 hat of the Bear Spirit (worn) {Spirit, +Rage rN+ MR++}
   (You bought it in a shop on level 5 of the Depths)

   It protects you from negative energy.
   It affects your resistance to hostile enchantments.
   It lets you go berserk.
 G - the +10 Black Knight's horse barding (worn) {ponderous, rPois rN+}
   (You bought it in a shop on level 2 of the Orcish Mines)

   It protects you from poison.
   It protects you from negative energy.
 P - a +2 pair of gloves of archery (worn)
 V - the +4 cloak of Lilacs {Str+8 Dex-2}
   (You found it on level 3 of the Tomb of the Ancients)

   It affects your strength (+8).
   It affects your dexterity (-2).
 Z - a scarf of resistance (worn)
Jewellery
 r - the ring of Lepneir (left hand) {rC- MR- Str+9 Dex+6 Slay+6}
   (You bought it in a shop on level 1 of the Vaults)

   [ring of dexterity]

   It affects your strength (+9).
   It affects your dexterity (+6).
   It affects your accuracy and damage with ranged weapons and melee attacks
   (+6).
   It makes you vulnerable to cold.
   It affects your resistance to hostile enchantments.
 v - the amulet of Obsession {Reflect *Corrode rPois rF+++ MR+ SH+5}
   (You found it on level 25 of a ziggurat)

   [amulet of reflection]

   It shields you and reflects attacks.
   It renders you almost immune to fire.
   It protects you from poison.
   It affects your resistance to hostile enchantments.
   It may corrode you when you take damage.
   It affects your SH (+5).
 z - the amulet of the Four Winds {rN+ MR+++ Clar}
   (You found it on level 3 of the Tomb of the Ancients)

   [amulet of nothing]

   It protects you from negative energy.
   It affects your resistance to hostile enchantments.
   It protects you against confusion.
 N - the amulet "Huageah" (around neck) {Acrobat rC+}
   (You took it off a tengu reaver on level 2 of the Depths)

   [amulet of the acrobat]

   It helps you evade while moving and waiting.
   It protects you from cold.
 Q - the ring "Sorycuk" {+Fly rC+++ MR+ Dex+6 Stlth-}
   (You found it in Pandemonium)

   [ring of dexterity]

   It affects your dexterity (+6).
   It renders you almost immune to cold.
   It affects your resistance to hostile enchantments.
   It lets you fly.
   It makes you less stealthy.
 R - the ring of Eternal Night {AC+4 Int+2 SInv}
   (You found it on level 18 of a ziggurat)

   [ring of protection]

   It affects your AC (+4).
   It affects your intelligence (+2).
   It lets you see invisible.
 S - the ring of Wishful Thinking {Fire rN+ MR+}
   (You found it on level 7 of Cocytus)

   [ring of fire]

   It enhances your fire magic.
   It protects you from fire.
   It makes you vulnerable to cold.
   It protects you from negative energy.
   It affects your resistance to hostile enchantments.
 W - the ring of the Scavenger (right hand) {*Drain +Blink Dex+6 Slay+2 Stlth+}
   (You bought it in a shop on level 4 of the Depths)

   [ring of stealth]

   It affects your dexterity (+6).
   It affects your accuracy and damage with ranged weapons and melee attacks
   (+2).
   It lets you blink.
   It causes draining when unequipped.
   It makes you more stealthy.
Wands
 g - a wand of digging (16)
 x - a wand of acid (21)
 E - a wand of iceblast (52)
 K - a wand of clouds (3)
Scrolls
 c - 3 scrolls of silence
 e - 5 scrolls of blinking
 j - 8 scrolls of magic mapping
 n - 23 scrolls of identify
 o - 61 scrolls of remove curse
 p - 10 scrolls of holy word
 q - 20 scrolls of teleportation
 s - 13 scrolls of fear
 u - 11 scrolls of immolation
 y - 8 scrolls of amnesia
 J - 5 scrolls of enchant weapon
 T - 4 scrolls of summoning
 X - 11 scrolls of vulnerability
 Y - 18 scrolls of fog
Potions
 i - a potion of mutation
 m - 7 potions of berserk rage
 t - 17 potions of brilliance
 C - 9 potions of curing
 D - 10 potions of flight
 F - 5 potions of cancellation
 I - 8 potions of invisibility
 L - 4 potions of haste
 O - 7 potions of might
Miscellaneous
 h - a tin of tremorstones (3/3)
 k - 2 +1 figurines of a ziggurat
 w - 7 phantom mirrors
 A - a lightning rod (4/4)
 H - a phial of floods
 M - 5 boxes of beasts
Comestibles
 f - 14 rations


   Skills:
 O Level 27 Fighting
   Level 16.8 Short Blades
 O Level 27 Staves
 O Level 27 Bows
 - Level 15.4 Throwing
 + Level 22.8 Armour
 - Level 20.0 Dodging
 - Level 13.0 Stealth
   Level 3.0 Shields
 - Level 13.5 Unarmed Combat
 + Level 20.6 Spellcasting
 - Level 24.0 Hexes
 - Level 16.1 Summonings
 * Level 18.4 Necromancy
 - Level 25.0 Translocations
 * Level 10.8 Transmutations
 - Level 4.0 Earth Magic
 - Level 20.0 Evocations


You had one spell level left.
You knew the following spells:

 Your Spells              Type           Power        Failure   Level  Hunger
a - Corona                Hex            ######.      0%          1    None
b - Apportation           Tloc           ######       0%          1    None
c - Portal Projectile     Hex/Tloc       ######       0%          3    None
d - Gell's Gravitas       Tloc           ######....   0%          3    None
e - Passwall              Tmut/Erth      ####....     1%          2    None
f - Summon Butterflies    Summ           ######..     0%          1    None
g - Invisibility          Hex            ######..     1%          6    #####..
h - Darkness              Hex            ######....   1%          6    #####..
i - Dispersal             Tloc           ######....   1%          6    #####..
j - Controlled Blink      Tloc           N/A          1%          8    #######
k - Passage of Golubria   Tloc           N/A          0%          4    None
l - Summon Forest         Summ/Tloc      ######....   1%          5    ####...
m - Discord               Hex            ######....   3%          8    #######
n - Lesser Beckoning      Tloc           ######....   0%          3    None
o - Animate Skeleton      Necr           N/A          0%          1    None
p - Borgnjor's Revivific  Necr           ######....   30%         8    #######

Your spell library contained the following spells:

 Spells                   Type           Power        Failure   Level  Hunger
 Pain                     Necr           ####         0%          1    None
 Summon Small Mammal      Summ           ####         0%          1    None
 Beastly Appendage        Tmut           #####.       1%          1    None
 Sandblast                Erth           ###...       1%          1    None
 Sting                    Tmut/Pois      ####         1%          1    None
 Foxfire                  Conj/Fire      ##..         9%          1    None
 Freeze                   Ice            ##..         9%          1    None
 Infusion                 Chrm           ##..         9%          1    None
 Magic Dart               Conj           ##..         9%          1    None
 Shock                    Conj/Air       ##..         9%          1    None
 Blink                    Tloc           N/A          0%          2    None
 Slow                     Hex            ######..     0%          2    None
 Sublimation of Blood     Necr           ######....   0%          2    None
 Confusing Touch          Hex            ######..     0%          3    None
 Recall                   Summ/Tloc      N/A          0%          3    None
 Summon Guardian Golem    Hex/Summ       ######..     0%          3    None
 Teleport Other           Tloc           ######..     0%          3    None
 Tukima's Dance           Hex            ######..     0%          3    None
 Vampiric Draining        Necr           ######....   0%          3    None
 Cause Fear               Hex            ######....   0%          4    None
 Call Imp                 Summ           ######..     1%          2    None
 Corpse Rot               Necr/Air       N/A          1%          2    None
 Ensorcelled Hibernation  Hex/Ice        #####.       1%          2    None
 Shroud of Golubria       Chrm/Tloc      #####.       1%          2    None
 Sticks to Snakes         Tmut           #####...     1%          2    None
 Call Canine Familiar     Summ           ######..     1%          3    None
 Dazzling Flash           Conj/Hex       #####.       1%          3    None
 Inner Flame              Hex/Fire       #####...     1%          3    None
 Spectral Weapon          Hex/Chrm       #####...     1%          3    None
 Animate Dead             Necr           N/A          1%          4    None
 Dispel Undead            Necr           ######..     1%          4    None
 Fulminant Prism          Conj/Hex       #####.....   1%          4    None
 Iskenderun's Mystic Bla  Conj/Tloc      #####...     1%          4    None
 Leda's Liquefaction      Hex/Erth       #####.....   1%          4    None
 Agony                    Necr           ######..     1%          5    ####...
 Aura of Abjuration       Summ           ######....   1%          5    ####...
 Metabolic Englaciation   Hex/Ice        #####.....   1%          5    ####...
 Silence                  Hex/Air        #####.....   1%          5    ####...
 Summon Demon             Summ           ######....   1%          5    ####...
 Summon Mana Viper        Hex/Summ       ######..     1%          5    ####...
 Yara's Violent Unravell  Hex/Tmut       ######....   1%          5    ####...
 Death Channel            Necr           ######....   1%          6    #####..
 Shadow Creatures         Summ           N/A          1%          6    #####..
 Malign Gateway           Summ/Tloc      ######....   1%          7    #######
 Disjunction              Tloc           ######....   1%          8    #######
 Borgnjor's Vile Clutch   Necr/Erth      #####.....   2%          5    ####...
 Spider Form              Tmut/Pois      ####......   3%          3    None
 Summon Ice Beast         Ice/Summ       ####....     3%          4    None
 Summon Lightning Spire   Summ/Air       ####....     3%          4    None
 Blade Hands              Tmut           #####.....   3%          5    ####...
 Petrify                  Tmut/Erth      ####....     4%          4    None
 Excruciating Wounds      Chrm/Necr      #####.....   5%          5    ####...
 Ignite Poison            Fire/Tmut/Pois ###.....     6%          3    None
 Ice Form                 Ice/Tmut       ####....     10%         4    None
 Monstrous Menagerie      Summ           ######....   10%         7    #######
 Summon Greater Demon     Summ           ######....   10%         7    #######
 Summon Hydra             Summ           ######....   10%         7    #######
 Stone Arrow              Conj/Erth      ###...       12%         3    None
 Poisonous Vapours        Pois/Air       ##....       14%         2    None
 Searing Ray              Conj           ##....       14%         2    None
 Swiftness                Chrm/Air       ##......     14%         2    None
 Hydra Form               Tmut           #####.....   16%         6    #####..
 Conjure Flame            Conj/Fire      ##......     26%         3    None
 Frozen Ramparts          Ice            ##....       26%         3    None
 Mephitic Cloud           Conj/Pois/Air  ##......     26%         3    None
 Ozocubu's Armour         Chrm/Ice       ##......     26%         3    None
 Static Discharge         Conj/Air       ##......     26%         3    None
 Alistair's Intoxication  Tmut/Pois      ####....     26%         5    ####...
 Irradiate                Conj/Tmut      ####......   26%         5    ####...
 Simulacrum               Ice/Necr       #####.....   30%         6    #####..
 Lee's Rapid Deconstruct  Erth           ###.......   43%         5    ####...
 Statue Form              Tmut/Erth      ####.....    54%         6    #####..
 Summon Horrible Things   Summ           ######....   61%         8    #######
 Airstrike                Air            ##........   65%         4    None
 Hailstorm                Conj/Ice       ##......     65%         4    None
 Olgreb's Toxic Radiance  Pois           ##......     65%         4    None
 Sticky Flame             Conj/Fire      ##......     65%         4    None
 Dragon Form              Tmut           #####.....   65%         7    #######
 Bolt of Magma            Conj/Fire/Erth ###.......   82%         5    ####...
 Eringya's Noxious Bog    Tmut/Pois      ####......   83%         6    #####..
 Fireball                 Conj/Fire      ##........   94%         5    ####...
 Iskenderun's Battlesphe  Conj/Chrm      ##......     94%         5    ####...
 Lightning Bolt           Conj/Air       ##........   94%         5    ####...
 Spellforged Servitor     Conj/Summ      ####......   95%         7    #######
 Iron Shot                Conj/Erth      ###.......   99%         6    #####..
 Conjure Ball Lightning   Conj/Air       ##........   100%        6    #####..
 Freezing Cloud           Conj/Ice/Air   ##........   100%        6    #####..
 Ozocubu's Refrigeration  Ice            ##........   100%        6    #####..
 Starburst                Conj/Fire      ##........   100%        6    #####..
 Orb of Destruction       Conj           ##........   100%        7    #######
 Ring of Flames           Chrm/Fire      ##........   100%        7    #######
 Chain Lightning          Conj/Air       ##........   100%        8    #######
 Ignition                 Fire           ##........   100%        8    #######
 Lehudib's Crystal Spear  Conj/Erth      ###.......   100%        8    #######
 Absolute Zero            Ice            ##........   100%        9    #######
 Dragon's Call            Summ           ######....   100%        9    #######
 Fire Storm               Conj/Fire      ##........   100%        9    #######
 Shatter                  Erth           ###.......   100%        9    #######
 Tornado                  Air            ##........   100%        9    #######


Dungeon Overview and Level Annotations

Branches:
Dungeon (15/15)            Temple (1/1) D:7            Lair (6/6) D:11
  Swamp (4/4) Lair:3       Spider (4/4) Lair:2        Slime (5/5) Lair:6
    Orc (2/2) D:11            Elf (3/3) Orc:2        Vaults (5/5) D:14
  Crypt (3/3) Vaults:2       Tomb (3/3) Crypt:3      Depths (5/5) D:15
   Hell (visited)             Dis (7/7) Hell            Geh (7/7) Hell
    Coc (7/7) Hell            Tar (7/7) Hell            Zot (5/5) Depths:5
Ossuary (visited)         Volcano (visited)          WizLab (visited)

Altars:
Ashenzari
Cheibriados
Dithmenos
Elyvilon
Fedhas
Gozag
Hepliaklqana
Kikubaaqudgha
Makhleb
Nemelex Xobeh
Okawaru
Qazlal
Ru
Trog
Uskayaw
Vehumet
Wu Jian
Xom
Yredelemnul
Zin
The Shining One
Beogh
Jiyva
Lugonu

Shops:
D:6 }   D:7 (   D:11 [[   D:14 (   Orc:2 [[((*   Elf:1 (   Elf:3 [
Vaults:1 **[***   Vaults:2 (*   Tomb:1 ([(*(   Hell (:[[(*(:(   Depths:3 (
Depths:4 =   Depths:5 [([*[((

Portals:
Hell: Depths:1 Depths:2 Depths:3 Depths:4 Depths:5
Abyss: Depths:1 Depths:3 Depths:4 Depths:5
Pandemonium: Depths:3
Trove: Elf:1 (give +3 storm dragon scales)

Annotations:
Swamp:1 exclusion: door
Spider:1 exclusion: downstairs
Spider:3 exclusions: downstairs and 1 more exclusion
Slime:5 2 exclusions
Depths:1 exclusion: downstairs
Depths:2 3 runed translucent doors, spacedv's ghost, veteran MiGl
Zot:1 1 runed translucent door, EnegeticOcto's ghost, adept DDFi
Zot:4 exclusion: downstairs


Innate Abilities, Weirdness & Mutations

You have hooves in place of feet.
Armour fits poorly on your strangely shaped body.
You cover ground very quickly.
You have extremely tough skin. (AC +3)
You have a pair of small horns on your head.
You are partially covered in rugged brown scales. (AC +1, +3% HP)
You are agile. (Dex +2)
Your body sometimes deteriorates upon taking damage.
Your flesh is heat resistant. (rF+)
You are resistant to hostile enchantments. (MR+)
You sometimes yell uncontrollably at your foes.
You are weak. (Str -2)


Message History

No target in view!
No target in view!
No target in view!
No target in view!
No target in view!
No target in view!
No target in view!
No target in view!
(D) Dungeon (T) Temple (L) Lair (S) Swamp (N) Spider Nest (M) Slime Pits (O) Orcish Mines (E) Elven Halls (V) Vaults (C) Crypt (W) Tomb (U) Depths (H) Hell (I) Dis (G) Gehenna (X) Cocytus (Y) Tartarus (Z) Zot
Where to? (Enter - D:1 @ (x,y), ? - help)
There is an open door here.
There is a staircase leading out of the dungeon here.
There is a staircase leading out of the dungeon here.
You can't go down here!
Unknown command.
You have escaped!

#.....#
#..........#.>......
#.....#
#....$.....#.....###
#.....#
#..........#..#..#
#.....#
#..$...........>.#
#.....# ###
###.#######...#..###
####### #.### #.#
###.#........
##..####'####..##.....###
###..'...'..####......#.
####.@.#### #..#...#.
###..'...'..####..#.....
##..####'####..##..#.#.#.
#.### #.# ###.#......#.
### #.# ##...#...#. ###
###.#.#.#. #......[..
###....... ########


There were no monsters in sight!

Vanquished Creatures
  Cerebov (Pan)
  Antaeus (Coc:7)
  the Royal Jelly (Slime:5)
  Asmodeus (Geh:7)
  Ereshkigal (Tar:7)
  Gloorx Vloq (Pan)
  the Serpent of Hell (Tar:7)
  Lom Lobon (Pan)
  Mnoleg (Pan)
  The ghost of farkougg the Slayer, a legendary GrEE of Vehumet (Zot:5)
  Dispater (Dis:7)
  17 ancient liches
  6 pandemonium lords
  11 orbs of fire
  The ghost of P0WERM0DE the Slayer, a legendary OgVM of Hepliaklqana (Zot:5)
  Mennas (Crypt:2)
  10 juggernauts
  The ghost of barott the Skullcrusher, a legendary GrFi of Okawaru (Zot:4)
  The ghost of deprived the Acolyte, a veteran HOFi of the Shining One (Vaults:4)
  25 greater mummies
  Margery (Vaults:2)
  7 Killer Klowns (Zot:5)
  11 shard shrikes
  Saint Roka (Vaults:3)
  Frederick (Tomb:2)
  Geryon (Hell)
  4 caustic shrikes
  15 golden dragons
  5 profane servitors
  Arachne (Spider:2)
  A pearl dragon (Pan)
  52 Tzitzimimeh
  42 Brimstone Fiends
  35 bone dragons
  11 iron giants
  19 doom hounds
  6 hellephants
  9 electric golems
  20 tentacled monstrosities
  Jorgrun (D:12)
  26 Orb Guardians
  20 Ice Fiends
  33 liches
  9 quicksilver dragons
  2 deep elf blademasters (Elf:3)
  2 deep elf master archers (Elf:3)
  20 Hell Sentinels
  10 titans
  34 ancient champions
  13 sphinxes
  34 acid blobs
  47 tentacled starspawn
  25 Executioners
  2 thorn hunters (Swamp:4)
  7 warmongers
  7 death cobs
  12 nagarajas
  21 storm dragons
  20 tengu reavers
  26 shadow dragons
  9 draconian monks
  12 azure jellies
  11 deep elf sorcerers
  32 fire giants
  14 revenants
  14 daevas
  An azure jelly (shapeshifter) (Vaults:5)
  13 frost giants
  24 vault wardens
  2 juggernaut zombies (Zig:21)
  52 balrugs
  6 orc warlords
  An emperor scorpion (shapeshifter) (Depths:1)
  9 ghost moths
  6 draconian knights
  17 iron dragons
  2 caustic shrike zombies
  34 cacodemons
  10 draconian scorchers
  8 ghouls
  15 angels
  8 draconian stormcallers
  122 reapers
  4 deep elf elementalists
  8 emperor scorpions
  21 draconian annihilators
  17 curse skulls
  17 ironheart preservers
  53 very ugly things
  8 draconian shifters
  A juggernaut skeleton (Zig:21)
  24 war gargoyles
  31 stone giants
  20 blood saints
  6 elemental wellsprings
  4 entropy weavers
  2 spriggan defenders
  6 ophanim
  A caustic shrike skeleton (Zig:21)
  26 vampire knights
  10 black draconians
  18 apis
  22 deep elf annihilators
  15 deep elf demonologists
  4 black suns
  9 bennus
  Azrael (Elf:2)
  12 red draconians
  23 lorocyprocas
  15 green draconians
  9 corrupters
  A spark wasp (shapeshifter) (Depths:2)
  10 yellow draconians
  11 purple draconians
  6 white draconians
  2 dire elephants (Zig:14)
  20 spark wasps
  25 eidola
  16 deep elf death magi
  16 ettins
  45 blizzard demons
  8 merfolk javelineers (Zig:22)
  19 green deaths
  Snorg (D:9)
  2 crystal guardians (Abyss:1)
  5 merfolk impalers
  10 jiangshi
  6 death oozes (Slime:5)
  9 quicksilver dragon zombies
  21 great orbs of eyes
  24 mummy priests
  27 fire dragons
  6 deep elf high priests
  25 yaktaur captains
  14 quicksilver dragon skeletons
  36 vault guards
  6 naga warriors
  20 hydras
  A merfolk avatar (Zig:22)
  22 ogre magi
  32 ice dragons
  9 hell beasts
  16 rakshasas
  2 ghost crabs
  6 spriggan air magi
  7 monstrous demonspawn (Pan)
  5 death knights
  4 shambling mangroves
  12 centaur warriors
  3 catoblepae
  6 merfolk aquamancers
  8 anacondas
  A two-headed ogre (shapeshifter) (Vaults:5)
  9 tengu warriors
  56 two-headed ogres
  7 deep troll shamans
  2 death yaks (Lair:4)
  12 deep troll earth magi
  31 vampire magi
  28 death scarabs
  12 alligators
  18 orc high priests
  9 spriggan berserkers
  57 soul eaters
  45 thrashing horrors
  54 hell hogs
  50 sun demons
  5 storm dragon zombies
  19 titan zombies
  44 wretched stars
  11 iron golems
  2 shock serpents
  11 titan skeletons
  254 skeletal warriors
  23 shadow wraiths
  45 sixfirhies
  78 hell knights
  22 deep elf knights
  3 salamander mystics
  8 fire crabs
  A spark wasp zombie (Crypt:1)
  16 iron trolls
  8 storm dragon skeletons
  5 sea snakes (Zig:22)
  11 unseen horrors
  8 infernal demonspawn
  11 spatial maelstroms
  25 flayed ghosts
  11 golden dragon zombies
  A fire crab (shapeshifter) (Vaults:2)
  7 torturous demonspawn (Pan)
  4 naga ritualists
  An unseen horror (shapeshifter) (Depths:1)
  11 swamp dragons
  6 ghost moth zombies
  41 deep trolls
  4 gelid demonspawn
  11 anaconda zombies
  11 cherubim
  38 shadow demons
  10 golden dragon skeletons
  127 starcursed masses
  13 wizards
  An obsidian statue (Zot:1)
  13 deep elf archers
  A tengu zombie (Zig:17)
  A death drake (Tar:1)
  2 sphinx zombies
  3 spriggan druids
  6 lindwurms
  A lindwurm (shapeshifter) (Depths:1)
  20 glowing orange brains
  An orange crystal statue (Abyss:1)
  14 ironbrand convokers
  17 orc knights
  18 iron dragon zombies
  5 shadow dragon zombies
  4 spectral hydras (Swamp:4)
  38 phantasmal warriors
  36 necromancers
  9 anaconda skeletons
  46 wolf spiders
  70 deep elf magi
  Pikel (D:5)
  2 mana vipers (Abyss:3)
  11 stone giant zombies
  8 wolf spider zombies
  139 large abominations
  3 mana vipers (shapeshifter)
  27 harpies
  9 shining eyes
  57 ugly things
  21 orb spiders
  9 cyclopes
  16 fire giant zombies
  13 orc sorcerers
  17 shadow dragon skeletons
  3 tengu skeletons
  18 frost giant zombies
  3 salamanders
  12 iron dragon skeletons
  18 moths of wrath
  31 oklob plants
  A manticore (shapeshifter) (Vaults:1)
  14 manticores
  A sphinx skeleton (Zig:21)
  A shining eye (shapeshifter) (Zig:15)
  18 worldbinders
  2 toenail golems
  11 naga magi
  2 spriggan zombies
  19 fire giant skeletons
  12 black mambas
  6 shock serpent zombies
  11 dire elephant zombies
  5 stone giant skeletons
  A water nymph (shapeshifter) (Vaults:5)
  A guardian serpent (shapeshifter) (Vaults:4)
  67 rust devils
  9 apocalypse crabs
  9 frost giant skeletons
  6 gargoyles
  14 vault sentinels
  8 elephants
  13 guardian serpents
  7 torpor snails
  An elephant (shapeshifter) (Abyss:3)
  6 ice statues
  102 smoke demons
  40 orange demons
  2 merfolk sirens (Zig:22)
  10 molten gargoyles
  5 shock serpent skeletons
  6 water nymphs (Zig:22)
  17 spiny frogs
  4 eyes of devastation
  3 kobold demonologists
  10 dire elephant skeletons
  A death yak zombie (Crypt:1)
  2 redback zombies (Crypt:1)
  9 rime drakes
  82 hellions
  4 catoblepas zombies
  7 emperor scorpion zombies
  31 efreet
  2 minotaur zombies
  58 freezing wraiths
  3 komodo dragons
  73 ice devils
  A komodo dragon (shapeshifter) (Zig:15)
  93 yaktaurs
  A white draconian zombie (Crypt:2)
  90 tormentors
  3 tengu conjurers
  An anaconda simulacrum (Coc:7)
  3 catoblepas skeletons
  20 demonic crawlers
  A golden dragon simulacrum (Tar:7)
  A sea snake skeleton (Crypt:2)
  46 hellwings
  33 guardian mummies
  85 red devils
  7 harpy zombies
  44 ancient zymes
  37 jumping spiders
  4 iron troll zombies
  3 meliai (D:12)
  2 yaktaur skeletons
  A queen bee (shapeshifter) (Abyss:4)
  A troll (shapeshifter) (Depths:2)
  11 tyrant leeches
  37 hornets
  A queen bee (D:12)
  22 hydra zombies
  35 merfolk (Zig:22)
  8 silent spectres
  4 harpy skeletons
  A wind drake (shapeshifter) (Depths:3)
  73 raiju
  8 trolls
  3 iron troll skeletons
  17 hydra skeletons
  Grinder (D:5)
  2 shadow dragon simulacra
  2 blink frogs (shapeshifter)
  4 bog bodies
  5 hippogriffs
  2 wind drakes (Zig:22)
  30 blink frogs
  A death drake skeleton (Swamp:4)
  65 slime creatures
  5 dream sheep (Lair:5)
  17 ettin zombies
  8 ice dragon skeletons
  2 meliai zombies
  7 alligator zombies
  A snapping turtle (shapeshifter) (Depths:1)
  12 ice dragon zombies
  4 snapping turtles (Zig:22)
  A dream sheep (shapeshifter) (Vaults:5)
  2 fire giant simulacra (Coc:7)
  258 flying skulls
  7 fire dragon zombies
  60 redbacks
  59 wraiths
  2 air elementals
  4 black mamba zombies
  57 shadows
  5 ushabtiu
  7 fire dragon skeletons
  3 vampires
  12 spriggans
  29 tarantellas
  12 ettin skeletons
  20 water elementals
  4 alligator skeletons
  3 wyverns
  8 black mamba skeletons
  14 fire bats
  A human (shapeshifter) (Vaults:2)
  4 basilisks
  3 human simulacra
  38 yaks
  55 ynoxinuls
  66 fire elementals
  2 golden eyes
  51 neqoxecs
  A hog (shapeshifter) (Abyss:1)
  44 chaos spawn
  4 steam dragons
  9 hungry ghosts
  25 vampire mosquitoes
  Menkaure (D:5)
  16 spatial vortices
  A two-headed ogre zombie (D:14)
  22 nagas
  An infernal demonspawn zombie (Geh:2)
  2 merfolk zombies
  14 wargs
  A torturous demonspawn zombie (Tar:5)
  7 acid dragons
  4 hydra simulacra
  A soldier ant (D:13)
  9 spiny frog zombies
  18 swamp worms
  3 insubstantial wisps
  A water moccasin (shapeshifter) (Vaults:5)
  A merfolk skeleton (Geh:7)
  2 floating eyes (Depths:3)
  12 water moccasins
  150 hell hounds
  2 infernal demonspawn skeletons
  Duvessa (D:5)
  11 swamp drakes
  91 orc warriors
  5 porcupines
  A hornet zombie (Crypt:1)
  4 spiny frog skeletons
  A slave (D:5)
  5 sky beasts
  An ice dragon simulacrum (Abyss:2)
  An eye of draining (shapeshifter) (Vaults:2)
  7 snapping turtle zombies
  12 eyes of draining
  11 ice beasts
  A lindwurm zombie (Crypt:1)
  5 manticore zombies
  61 necrophages
  22 phantoms
  7 swamp dragon zombies
  2 ettin simulacra
  77 ogres
  11 boggarts
  27 wolves
  11 centaurs
  2 swamp dragon skeletons
  A boggart (shapeshifter) (Depths:2)
  An orc skeleton (Vaults:1)
  11 snapping turtle skeletons
  5 manticore skeletons
  9 crocodiles
  7 elf zombies
  2 big kobolds
  A yaktaur zombie (Vaults:1)
  3 earth elementals
  A rime drake skeleton (Crypt:1)
  A wyvern zombie (Crypt:1)
  16 bullfrogs
  6 elf skeletons
  3 gnoll sergeants (D:7)
  3 spiny frog simulacra
  Dowan (D:5)
  9 wyvern skeletons
  73 small abominations
  2 troll zombies
  14 scorpions
  30 killer bees
  An elf simulacrum (Vaults:1)
  A yak skeleton (Crypt:2)
  A spriggan skeleton (Tar:1)
  163 wights
  An electric eel (Spider:2)
  7 lava snakes
  26 crimson imps
  5 howler monkeys
  13 centaur zombies
  7 jellies
  4 quasits
  2 bullfrog zombies
  38 orc priests
  9 centaur skeletons
  A bullfrog skeleton (D:13)
  7 human zombies
  4 hounds
  46 orc wizards
  76 iron imps
  Crazy Yiuf (D:2)
  2 gnoll shamans
  4 human skeletons
  6 iguanas
  5 lightning spires
  16 worker ants
  A porcupine skeleton (Crypt:1)
  3 big kobold zombies (Ossuary)
  2 ogre zombies
  A centaur simulacrum (Tar:4)
  A naga zombie (Dis:5)
  A hound skeleton (D:9)
  49 mummies
  Robin (D:2)
  A worker ant zombie (D:8)
  18 gnolls
  4 scorpion zombies (Ossuary)
  14 adders
  33 shadow imps
  A swamp drake skeleton (Crypt:2)
  30 white imps
  14 ufetubi
  2 oozes (D:1)
  2 worms (D:2)
  A ball lightning (Pan)
  3 dart slugs (D:2)
  3 leopard geckos
  150 orcs
  3 ball pythons (Depths:3)
  4 giant cockroaches
  4 gnoll zombies (Ossuary)
  10 goblins (D:2)
  13 hobgoblins
  15 jackals
  3 quokkas
  3 bats
  4 frilled lizards
  A frilled lizard skeleton (Crypt:1)
  2 goblin zombies (Ossuary)
  2 hobgoblin zombies (Ossuary)
  23 kobolds
  2 kobold skeletons
  A kobold zombie (Ossuary)
  A leopard gecko skeleton (D:6)
  5 orc zombies (Ossuary)
  8 rats
  2 fire vortices
  2 fungi
  A lurking horror (Abyss:5)
  9 plants
  40 starspawn tentacles
  3 withered plants (Crypt:3)
8288 creatures vanquished.

Vanquished Creatures (collateral kills)
  2 greater mummies (Tomb:3)
  A lich (Tomb:3)
  7 bennus (Tomb:3)
  A mummy priest (Tomb:3)
  A sixfirhy (Pan)
  A quicksilver dragon simulacrum (Tomb:3)
  3 skeletal warriors (Tomb:3)
  A sea snake (Zig:22)
  An unseen horror (Abyss:2)
  2 wizards (Pan)
  An anaconda skeleton (Tomb:2)
  6 harpies (Zig:22)
  A shock serpent zombie (Tomb:3)
  3 guardian mummies (Tomb:3)
  A merfolk (Zig:22)
  2 flying skulls (Tomb:3)
  A fire dragon skeleton (Tomb:2)
  A water elemental (Coc:7)
  A spiny frog simulacrum (Abyss:2)
  3 mummies (Tomb:3)
  A white imp (Abyss:2)
  3 ball lightnings (Pan)
44 creatures vanquished.

Vanquished Creatures (others)
  4 greater mummies (Tomb:3)
  A lich (Tomb:3)
  3 ancient champions (Tomb:3)
  An eldritch tentacle (Pan)
  A storm dragon (Zot:1)
  A deep elf demonologist (Vaults:2)
  A bennu (Tomb:3)
  A very ugly thing (Depths:3)
  2 mummy priests (Tomb:3)
  A naga warrior (Depths:3)
  39 dancing weapons
  A shadow wraith (Vaults:3)
  4 skeletal warriors (Tomb:3)
  A wizard (Depths:1)
  A glowing orange brain (Pan)
  A necromancer (Geh:3)
  2 harpies (Vaults:3)
  A frost giant zombie (Tomb:3)
  A tormentor (Tar:7)
  12 guardian mummies (Tomb:3)
  2 large abominations (Zig:26)
  An ushabti (Tomb:3)
  A shadow (Geh:5)
  A naga (Zig:6)
  A slave (D:5)
  6 small abominations
  A wight (Tar:2)
  An iguana (D:5)
  8 mummies (Tomb:3)
  An adder (Depths:3)
  An ufetubus (Abyss:1)
  9 ball lightnings (Pan)
  2 orcs (Vaults:5)
  A kobold skeleton (Geh:3)
  A bush (Abyss:1)
  A fire vortex (Zot:5)
  20 fungi
  6 lurking horrors
  64 plants
  4 snaplasher vines
  62 starspawn tentacles
  8 withered plants
281 creatures vanquished.

Grand Total: 8613 creatures vanquished

Notes
Turn   | Place    | Note
-------+----------+-------------------------------------------
     0 | D:1      | ANON1729 the Centaur Arcane Marksman began the quest for
                  | the Orb.
     0 | D:1      | Reached XP level 1. HP: 16/16 MP: 2/2
   110 | D:1      | Reached XP level 2. HP: 23/23 MP: 3/3
   702 | D:2      | Reached XP level 3. HP: 22/28 MP: 4/4
   916 | D:2      | Identified the +1 helmet of Jiatavoitt {rPois rCorr}
   916 | D:2      | Noticed Robin
   942 | D:2      | HP: 2/43 [goblin/+0 dagger[Robin] (1)]
   947 | D:2      | Killed Robin
  1321 | D:2      | Reached XP level 4. HP: 6/36 MP: 5/5
  1343 | D:3      | HP: 1/36 [poisoned by an adder]
  2053 | D:2      | Found a runed translucent door.
  2054 | D:2      | Noticed Crazy Yiuf
  2093 | D:2      | Found a shadowy altar of Dithmenos.
  2224 | D:2      | Killed Crazy Yiuf
  2420 | D:3      | Found a faded altar of an unknown god.
  3031 | D:4      | Reached XP level 5. HP: 22/42 MP: 6/6
  3234 | D:4      | Found a bloodstained altar of Trog.
  3376 | D:5      | Entered Level 5 of the Dungeon
  3390 | D:5      | Noticed an ice beast
  3437 | D:5      | Reached skill level 5 in Bows
  3458 | D:5      | Got a bloodstained quarterstaff
  3515 | D:5      | Reached XP level 6. HP: 24/51 MP: 7/7
  3522 | D:5      | Killed an ice beast
  3640 | D:5      | Found a sand-covered staircase.
  3642 | D:5      | Noticed Menkaure
  3869 | D:5      | Killed Menkaure
  3869 | D:5      | Reached XP level 7. HP: 8/59 MP: 8/8
  4057 | Ossuary  | Entered an ossuary
  4259 | Ossuary  | Identified the +4 quarterstaff of the Trees {protect, rN+}
                  | (You found it on level 5 of the Dungeon)
  4399 | Ossuary  | Reached skill level 5 in Fighting
  4410 | Ossuary  | Reached XP level 8. HP: 46/68 MP: 9/9
  4853 | D:5      | Noticed Pikel
  4904 | D:5      | Killed Pikel
  4904 | D:5      | Reached skill level 5 in Dodging
  4973 | D:5      | Noticed Dowan
  4995 | D:5      | Killed Dowan
  5003 | D:5      | Noticed Duvessa
  5047 | D:5      | Killed Duvessa
  5238 | D:5      | Noticed Grinder
  5241 | D:5      | Paralysed by Grinder for 7 turns
  5259 | D:5      | Killed Grinder
  5259 | D:5      | Reached XP level 9. HP: 78/78 MP: 8/10
  5557 | D:5      | Found a sacrificial altar of Ru.
  5877 | D:6      | Found a radiant altar of Vehumet.
  6073 | D:6      | Found Upapp's Gadget Emporium.
  6094 | D:6      | Found an ancient bone altar of Kikubaaqudgha.
  6808 | D:7      | Found Nalig Agergh's Antique Weapon Boutique.
  6880 | D:7      | Found a shattered altar of Ashenzari.
  6901 | D:7      | Reached skill level 10 in Bows
  6938 | D:7      | Found a staircase to the Ecumenical Temple.
  7036 | Temple   | Entered the Ecumenical Temple
  7139 | Temple   | Became a worshipper of Gozag Ym Sagoz the Greedy
  8018 | D:7      | Found an iron altar of Okawaru.
  8027 | D:7      | Found a white marble altar of Elyvilon.
  8722 | D:8      | Found a glowing golden altar of the Shining One.
  8723 | D:8      | Noticed a centaur warrior
  8731 | D:8      | Killed a centaur warrior
  8731 | D:8      | Reached skill level 1 in Staves
  8731 | D:8      | Reached XP level 10. HP: 82/88 MP: 12/12
  8806 | D:8      | Reached skill level 1 in Armour
  9272 | D:8      | Found a snail-covered altar of Cheibriados.
  9492 | D:8      | Found a shadowy altar of Dithmenos.
  9503 | D:8      | Found a sparkling altar of Nemelex Xobeh.
  9519 | D:8      | Found an iron altar of Okawaru.
 10081 | D:9      | Learned a level 1 spell: Apportation
 10330 | D:10     | Entered Level 10 of the Dungeon
 10665 | D:10     | Noticed a two-headed ogre
 10670 | D:10     | Killed a two-headed ogre
 10670 | D:10     | Reached XP level 11. HP: 86/95 MP: 13/15
 11006 | D:10     | Noticed Snorg
 11117 | D:9      | Killed Snorg
 11469 | D:10     | Noticed a tengu warrior
 11499 | D:10     | Killed a tengu warrior
 12156 | D:11     | Found a staircase to the Lair.
 12614 | D:11     | Found Genn's Antique Armour Boutique.
 13486 | D:11     | Found a staircase to the Orcish Mines.
 13487 | D:11     | Found a roughly hewn altar of Beogh.
 13889 | D:12     | Reached skill level 5 in Hexes
 13899 | D:12     | Identified a scroll of acquirement
 13939 | D:12     | Noticed a seven-headed hydra
 14433 | D:12     | Killed a seven-headed hydra
 14900 | D:12     | Reached XP level 12. HP: 76/105 MP: 17/17
 17240 | D:13     | Noticed Jorgrun
 17977 | D:13     | Reached skill level 5 in Staves
 18158 | D:13     | Reached skill level 10 in Fighting
 18978 | Lair:1   | Entered Level 1 of the Lair of Beasts
 19549 | Lair:1   | Reached XP level 13. HP: 53/114 MP: 20/20
 20633 | Lair:2   | Got a fading ring mail
 20644 | Lair:2   | Identified the +5 ring mail "Nackolir" {rN+} (You found it
                  | on level 2 of the Lair of Beasts)
 20830 | Lair:2   | Reached skill level 15 in Bows
 21627 | Lair:2   | Found a hole to the Spider Nest.
 22872 | Lair:3   | Reached skill level 5 in Spellcasting
 23279 | Lair:3   | Found a staircase to the Swamp.
 24775 | Lair:5   | Reached skill level 5 in Armour
 24824 | Lair:5   | Found a dark tunnel.
 24946 | Volcano  | Entered a volcano
 25206 | Volcano  | Found a bloodstained altar of Trog.
 26320 | Lair:5   | Acquired a +0 centaur barding of stealth
 27166 | Lair:6   | Entered Level 6 of the Lair of Beasts
 27678 | Lair:6   | Reached XP level 14. HP: 69/124 MP: 22/22
 28554 | Lair:6   | Found a runed translucent door.
 28556 | Lair:6   | Found a viscous altar of Jiyva.
 28556 | Lair:6   | Noticed an acid blob
 28557 | Lair:6   | Noticed an acid blob
 28558 | Lair:6   | Found a staircase to the Slime Pits.
 28872 | Lair:6   | Reached skill level 1 in Translocations
 29842 | Lair:6   | Found a runed translucent door.
 30630 | Lair:6   | Got a bloodstained robe
 30646 | Lair:6   | Identified the +2 robe of the Earth {rF- Str+4} (You found
                  | it on level 6 of the Lair of Beasts)
 30946 | Orc:1    | Entered Level 1 of the Orcish Mines
 31185 | D:11     | Bought a +2 pair of gloves of archery for 279 gold pieces
 31185 | D:11     | Bought a +4 chain mail of magic resistance for 409 gold
                  | pieces
 32188 | Orc:1    | Found a roughly hewn altar of Beogh.
 32238 | Orc:2    | Entered Level 2 of the Orcish Mines
 32250 | Orc:2    | Found Sykiloho's Armour Shoppe.
 32600 | Orc:2    | Noticed an orc warlord
 32797 | Orc:1    | Killed an orc warlord
 32989 | Orc:2    | Noticed an orc warlord
 33210 | Orc:2    | Found a roughly hewn altar of Beogh.
 33329 | Orc:2    | Found a staircase to the Elven Halls.
 33429 | Orc:2    | Found a roughly hewn altar of Beogh.
 33443 | Orc:2    | Found Zeokle Jusy's General Store.
 33461 | Orc:2    | Bought a scroll of enchant weapon for 120 gold pieces
 33558 | Orc:2    | Found a roughly hewn altar of Beogh.
 33614 | Orc:2    | Killed an orc warlord
 34337 | Orc:2    | Found Cupaloet's Antique Armour Shop.
 34341 | Orc:2    | Found a roughly hewn altar of Beogh.
 34345 | Orc:2    | Found Xicoit's Antique Weapon Boutique.
 34384 | Orc:2    | Bought a crude chain mail for 218 gold pieces
 34394 | Orc:2    | Identified the +12 chain mail "Usuecs" {Harm *Slow Regen+}
                  | (You bought it in a shop on level 2 of the Orcish Mines)
 34549 | Orc:2    | Found a roughly hewn altar of Beogh.
 34549 | Orc:2    | Found Oxzevyden's Weapon Shop.
 34617 | Orc:2    | Found a roughly hewn altar of Beogh.
 35017 | D:12     | Killed Jorgrun
 35017 | D:12     | Reached XP level 15. HP: 107/134 MP: 20/24
 35153 | D:14     | Found a gate to the Vaults.
 35632 | D:13     | Noticed a sphinx
 35632 | D:13     | Noticed a shadow dragon
 35913 | Orc:2    | Bought the +10 Black Knight's horse barding {ponderous,
                  | rPois rN+} for 1458 gold pieces
 35913 | Orc:2    | Found the +10 Black Knight's horse barding {ponderous,
                  | rPois rN+}
 36924 | D:14     | Killed a shadow dragon
 37112 | D:14     | Killed a sphinx
 37322 | D:13     | Learned a level 3 spell: Portal Projectile
 37383 | D:15     | Entered Level 15 of the Dungeon
 38040 | D:15     | Got a transparent robe
 38586 | D:15     | Found a staircase to the Depths.
 38609 | Depths:1 | Entered Level 1 of the Depths
 38793 | Depths:1 | Reached XP level 16. HP: 119/144 MP: 22/26
 38844 | Depths:1 | Identified the +2 robe of Lethargy {rC+ Int+3} (You found
                  | it on level 15 of the Dungeon)
 39164 | Depths:1 | Found a gateway to Hell.
 39570 | D:15     | Upgraded the game from 0.25.0-37-gb73750e0fb to
                  | 0.25.0-41-g26779e291d
 39739 | Spider:1 | Entered Level 1 of the Spider Nest
 41044 | Spider:2 | Reached skill level 5 in Translocations
 41811 | Spider:2 | Noticed Arachne
 41830 | Spider:2 | Killed Arachne
 43510 | Spider:4 | Entered Level 4 of the Spider Nest
 44504 | Spider:4 | Reached XP level 17. HP: 152/152 MP: 28/28
 45986 | Spider:4 | Got a gossamer rune of Zot
 46360 | Swamp:1  | Entered Level 1 of the Swamp
 46634 | Swamp:1  | Noticed a tentacled monstrosity
 47635 | Swamp:2  | Reached skill level 10 in Hexes
 49042 | Swamp:3  | Reached XP level 18. HP: 162/162 MP: 30/30
 49509 | Swamp:4  | Entered Level 4 of the Swamp
 49522 | Swamp:4  | Reached skill level 15 in Fighting
 50519 | Swamp:4  | Found a basalt altar of Yredelemnul.
 50561 | Swamp:4  | Found a blossoming altar of Fedhas.
 50937 | Swamp:4  | Got a decaying rune of Zot
 50961 | Swamp:4  | Acquired 4 rations
 51492 | Depths:1 | Reached skill level 10 in Armour
 51573 | Depths:1 | Reached skill level 10 in Staves
 51744 | Depths:1 | Found a one-way gate to the infinite horrors of the Abyss.
 51856 | Depths:1 | Noticed a lich
 51866 | Depths:1 | Killed a lich
 52241 | Depths:1 | Reached XP level 19. HP: 158/172 MP: 28/31
 52476 | Depths:2 | Noticed a caustic shrike
 52948 | Depths:2 | Killed a caustic shrike
 53031 | Depths:2 | Found a runed translucent gate.
 53032 | Depths:2 | Found a runed translucent gate.
 53032 | Depths:2 | Noticed spacedv's ghost (veteran MiGl)
 53033 | Depths:2 | Found a runed translucent gate.
 54315 | Depths:2 | Identified Sif Muna's Catalogue of Stolen Souls and
                  | Confrontation
 54427 | Depths:2 | Identified the cursed +0 plate armour "Sarchaohoch" {+Inv
                  | rC- Dex+7} (You found it on level 2 of the Depths)
 54474 | Depths:2 | Identified the amulet "Huageah" {Acrobat rC+}
 55229 | Depths:3 | Noticed a lich
 55261 | Depths:3 | Killed a lich
 55368 | Depths:3 | Reached XP level 20. HP: 182/182 MP: 31/33
 55864 | Depths:3 | Identified the ring "Saush" {rPois rN++ Str-3 Dex+6 Stlth+}
 56273 | Depths:3 | Identified the cursed +0 plate armour "Cehek" {rN+ Str+3
                  | Stlth-}
 56897 | Depths:2 | Upgraded the game from 0.25.0-41-g26779e291d to
                  | 0.25.0-45-g978344163c
 57269 | Depths:3 | Paralysed by a yaktaur for 4 turns
 57898 | Depths:3 | Identified the Guide on Frigorific Displacement
 58622 | Depths:3 | Found a gateway to a ziggurat.
 59031 | Depths:3 | Found a one-way gate leading to the halls of Pandemonium.
 59537 | Depths:3 | Found a corrupted altar of Lugonu.
 59819 | Depths:3 | Reached XP level 21. HP: 144/191 MP: 34/34
 60055 | Depths:3 | Reached skill level 1 in Shields
 60596 | Depths:3 | Got a buzzing ring mail
 60607 | Depths:3 | Identified the cursed +1 ring mail "Yciyviapp" {Harm rN+
                  | Int+5} (You found it on level 3 of the Depths)
 61153 | Depths:3 | Bought 19 arrows for 76 gold pieces
 61487 | D:7      | Bought the +7 lajatang of Order {silver, rMut} for 1940
                  | gold pieces
 61487 | D:7      | Found the +7 lajatang of Order {silver, rMut}
 63715 | Depths:4 | Noticed a golden dragon
 63717 | Depths:4 | Noticed a caustic shrike
 63722 | Depths:4 | Killed a golden dragon
 63733 | Depths:4 | Killed a caustic shrike
 63783 | Depths:4 | Reached skill level 10 in Spellcasting
 63990 | Depths:4 | Reached skill level 10 in Dodging
 64071 | Depths:4 | Bought the ring of the Scavenger {*Drain +Blink Dex+6
                  | Slay+2 Stlth+} for 750 gold pieces
 64094 | Depths:5 | Entered Level 5 of the Depths
 64276 | Depths:5 | Found a flickering gateway to a bazaar.
 64304 | Depths:5 | Noticed a juggernaut
 64313 | Depths:5 | Killed a juggernaut
 64368 | Bazaar   | Entered a bazaar
 64383 | Bazaar   | Found Fieh's Book Shop.
 64394 | Bazaar   | Found Heixyafu's Jewellery Shop.
 64430 | Bazaar   | Bought a book of Callings for 360 gold pieces
 64443 | Bazaar   | Bought an uncursed ring of protection from fire for 225
                  | gold pieces
 64443 | Bazaar   | Bought an uncursed ring of wizardry for 270 gold pieces
 64910 | Vaults:1 | Entered Level 1 of the Vaults
 64927 | Vaults:1 | Reached XP level 22. HP: 195/201 MP: 36/36
 64982 | Vaults:1 | Reached skill level 10 in Translocations
 66006 | Vaults:1 | Found Ennaxic's General Store.
 66010 | Vaults:1 | Bought a scroll of blinking for 127 gold pieces
 66010 | Vaults:1 | Bought a scroll of identify for 34 gold pieces
 66010 | Vaults:1 | Bought a ration for 85 gold pieces
 66535 | Vaults:1 | Reached skill level 1 in Evocations
 66578 | Vaults:1 | Found Fushaneb's Assorted Antiques.
 66608 | Vaults:1 | Bought a scroll of identify for 76 gold pieces
 66608 | Vaults:1 | Bought a faintly glowing iron ring for 190 gold pieces
 66608 | Vaults:1 | Bought a potion of haste for 380 gold pieces
 66608 | Vaults:1 | Identified the ring of Lepneir {rC- MR- Str+9 Dex+6 Slay+6}
                  | (You bought it in a shop on level 1 of the Vaults)
 66751 | Vaults:1 | Found Nacw's Assorted Antiques.
 66752 | Vaults:1 | Found Fext's Armour Shoppe.
 66924 | Vaults:1 | Found Ympin's Assorted Antiques.
 66932 | Vaults:1 | Bought a scroll of identify for 42 gold pieces
 66932 | Vaults:1 | Bought a scroll of summoning for 199 gold pieces
 66932 | Vaults:1 | Bought a scroll of identify for 42 gold pieces
 66932 | Vaults:1 | Bought a scroll of remove curse for 63 gold pieces
 66932 | Vaults:1 | Bought a scroll of teleportation for 63 gold pieces
 66932 | Vaults:1 | Bought a scroll of teleportation for 63 gold pieces
 67013 | Vaults:1 | Bought a potion of heal wounds for 150 gold pieces
 67063 | Vaults:2 | Found Jarghaunu's Antique Weapon Boutique.
 67118 | Vaults:2 | Noticed Margery
 67405 | Vaults:2 | Found Puhegh's Magic Scroll Shoppe.
 67415 | Vaults:2 | Bought a scroll of fog for 36 gold pieces
 67415 | Vaults:2 | Bought a scroll of identify for 36 gold pieces
 67415 | Vaults:2 | Bought a scroll of amnesia for 63 gold pieces
 67415 | Vaults:2 | Bought a scroll of fear for 63 gold pieces
 67415 | Vaults:2 | Bought a scroll of amnesia for 63 gold pieces
 67415 | Vaults:2 | Bought a scroll of fog for 36 gold pieces
 67415 | Vaults:2 | Bought a scroll of holy word for 135 gold pieces
 67415 | Vaults:2 | Bought a scroll of remove curse for 54 gold pieces
 67563 | Vaults:2 | Found a magical portal.
 67652 | WizLab   | Entered Doroklohe's Tomb
 68010 | WizLab   | Gained mutation: You do not regenerate when monsters are
                  | visible. [a cacodemon]
 68015 | WizLab   | Gained mutation: You are resistant to hostile enchantments.
                  | (MR+) [a cacodemon]
 68333 | Vaults:2 | Acquired the ring "Piulyrar" {rPois MR++ Dex+6 Slay+4}
 68346 | Vaults:2 | Lost mutation: You are resistant to hostile enchantments.
                  | (MR+) [potion of mutation]
 68346 | Vaults:2 | Lost mutation: You do not regenerate when monsters are
                  | visible. [potion of mutation]
 68346 | Vaults:2 | Gained mutation: Your flesh is heat resistant. (rF+)
                  | [potion of mutation]
 68346 | Vaults:2 | Gained mutation: Your flesh is cold resistant. (rC+)
                  | [potion of mutation]
 68864 | Vaults:2 | Killed Margery
 68864 | Vaults:2 | Reached XP level 23. HP: 110/210 MP: 37/37
 68872 | Vaults:2 | Bought a crystal quarterstaff for 252 gold pieces
 68872 | Vaults:2 | Identified the +3 quarterstaff of Tocudur {vorpal, MP+9
                  | Int+3 SInv Stlth+} (You bought it in a shop on level 2 of
                  | the Vaults)
 69052 | Vaults:2 | Found a staircase to the Crypt.
 69609 | Vaults:2 | Found Geugitz's Assorted Antiques.
 69617 | Vaults:2 | Bought a scroll of blinking for 315 gold pieces
 69617 | Vaults:2 | Bought a scroll of identify for 84 gold pieces
 70133 | Vaults:3 | Noticed Saint Roka
 70159 | Vaults:3 | Killed Saint Roka
 70369 | Vaults:3 | Found a flickering gateway to a bazaar.
 70387 | Bazaar   | Entered a bazaar
 70394 | Bazaar   | Found Saegaog's Weapon Shop.
 70408 | Bazaar   | Found Koda Esa's Food Boutique.
 70416 | Bazaar   | Bought a ration for 45 gold pieces
 70416 | Bazaar   | Bought a ration for 45 gold pieces
 70416 | Bazaar   | Bought a ration for 45 gold pieces
 70416 | Bazaar   | Bought a ration for 45 gold pieces
 70416 | Bazaar   | Bought a ration for 45 gold pieces
 70416 | Bazaar   | Bought a ration for 45 gold pieces
 70416 | Bazaar   | Bought a ration for 45 gold pieces
 70416 | Bazaar   | Bought a ration for 45 gold pieces
 70422 | Bazaar   | Found Uppusaba's Jewellery Shop.
 70440 | Bazaar   | Found Laschiak's Food Boutique.
 70448 | Bazaar   | Bought a ration for 40 gold pieces
 70448 | Bazaar   | Bought a ration for 40 gold pieces
 70448 | Bazaar   | Bought a ration for 40 gold pieces
 70448 | Bazaar   | Bought a ration for 40 gold pieces
 70448 | Bazaar   | Bought a ration for 40 gold pieces
 70448 | Bazaar   | Bought a ration for 40 gold pieces
 70448 | Bazaar   | Bought a ration for 40 gold pieces
 70454 | Bazaar   | Found Urudidd's Antique Weapon Shop.
 70468 | Bazaar   | Found Wixzor's Food Boutique.
 70476 | Bazaar   | Bought a ration for 40 gold pieces
 70476 | Bazaar   | Bought a ration for 40 gold pieces
 70476 | Bazaar   | Bought a ration for 40 gold pieces
 70476 | Bazaar   | Bought a ration for 40 gold pieces
 70476 | Bazaar   | Bought a ration for 40 gold pieces
 70476 | Bazaar   | Bought a ration for 40 gold pieces
 70476 | Bazaar   | Bought a ration for 40 gold pieces
 70476 | Bazaar   | Bought a ration for 40 gold pieces
 71434 | Vaults:3 | Reached skill level 5 in Evocations
 72183 | Vaults:4 | Found a large runed translucent door.
 72183 | Vaults:4 | Found a large runed translucent door.
 72183 | Vaults:4 | Found a large runed translucent door.
 72183 | Vaults:4 | Found a large runed translucent door.
 72183 | Vaults:4 | Found a large runed translucent door.
 72183 | Vaults:4 | Found a large runed translucent door.
 72183 | Vaults:4 | Noticed deprived's ghost (veteran HOFi)
 72184 | Vaults:4 | Found a large runed translucent door.
 72184 | Vaults:4 | Found a large runed translucent door.
 73397 | Elf:1    | Entered Level 1 of the Elven Halls
 73662 | Elf:1    | Reached XP level 24. HP: 220/220 MP: 37/37
 74014 | Elf:1    | Found Benisyl's Weapon Shop.
 74067 | Elf:1    | Found a portal to a secret trove of treasure.
 74243 | Elf:1    | Identified the +4 kite shield of Indecent Exposure {Str+2
                  | Int+2 Dex+3} (You found it on level 1 of the Elven Halls)
 74310 | Elf:2    | Noticed Azrael
 74316 | Elf:2    | Killed Azrael
 74334 | Elf:2    | Found a runed translucent gate.
 74334 | Elf:2    | Found a runed translucent gate.
 74334 | Elf:2    | Found a runed translucent gate.
 75175 | Elf:3    | Entered Level 3 of the Elven Halls
 75449 | Elf:3    | Found Ikecso's Armour Boutique.
 75974 | Elf:3    | Identified the cursed +0 buckler of the Butterfly {Harm
                  | +Blink rPois}
 76260 | Elf:3    | Identified the +7 quarterstaff "Zilolebb" {holy, rElec
                  | rPois rF+++ Int-3}
 76590 | Elf:3    | Identified Sif Muna's Tome of the Congealing Rocks
 77262 | Depths:5 | Reached skill level 1 in Unarmed Combat
 77421 | Depths:5 | Found a gate to the Realm of Zot.
 77627 | Depths:5 | Reached XP level 25. HP: 228/228 MP: 38/38
 78225 | Depths:5 | Bought the +2 hat of the Bear Spirit {Spirit, +Rage rN+
                  | MR++} for 625 gold pieces
 78225 | Depths:5 | Found the +2 hat of the Bear Spirit {Spirit, +Rage rN+
                  | MR++}
 78782 | Vaults:4 | Killed deprived's ghost
 78843 | Vaults:4 | Learned a level 3 spell: Gell's Gravitas
 78846 | Vaults:4 | Learned a level 2 spell: Passwall
 78901 | Vaults:5 | Entered Level 5 of the Vaults
 79289 | Vaults:4 | Reached skill level 1 in Earth Magic
 79418 | Vaults:5 | Reached skill level 1 in Transmutations
 80774 | Vaults:5 | Reached skill level 5 in Unarmed Combat
 81138 | Vaults:5 | Identified the Papyrus of Flight and Earth
 81172 | Vaults:5 | Identified Sif Muna's Volume of the Noxious Rocks
 81187 | Vaults:5 | Got a silver rune of Zot
 81624 | Vaults:5 | Identified Sif Muna's Incunabulum of Toxins and Creation
 81909 | Vaults:5 | Reached XP level 26. HP: 217/238 MP: 36/38
 82484 | Vaults:5 | Identified the +9 gold dragon scales "Juipish" {rPois rF+
                  | rC+ rN+++ Str-2 Dex+8 Stlth+} (You found it on level 5 of
                  | the Vaults)
 82497 | Vaults:5 | Identified the +1 leather armour "Nuwup" {rPois Slay+3}
 82525 | Vaults:5 | Identified the cursed +1 robe of Zutse Baof {Dex+2} (You
                  | found it on level 5 of the Vaults)
 82537 | Vaults:5 | Identified the Tome of Doomed Poisoning
 82569 | Vaults:5 | Identified the +6 shortbow of the Turnip {vorpal, Str+8}
                  | (You found it on level 5 of the Vaults)
 82831 | Vaults:1 | Bought a scroll of identify for 60 gold pieces
 82831 | Vaults:1 | Bought a scroll of identify for 60 gold pieces
 82831 | Vaults:1 | Bought a potion of haste for 300 gold pieces
 82831 | Vaults:1 | Bought a potion of invisibility for 240 gold pieces
 82831 | Vaults:1 | Bought a potion of flight for 90 gold pieces
 83063 | Hell     | Entered the Vestibule of Hell
 83063 | Hell     | Noticed Geryon
 83074 | Hell     | Killed Geryon
 83237 | Hell     | Found a gateway to the freezing wastes of Cocytus.
 83523 | Hell     | Found a gateway to the ashen valley of Gehenna.
 83606 | Hell     | Found a gateway to the decaying netherworld of Tartarus.
 83723 | Hell     | Reached skill level 10 in Evocations
 83753 | Hell     | Found a gateway to the Iron City of Dis.
 84213 | Slime:1  | Entered Level 1 of the Pits of Slime
 84433 | Slime:5  | Entered Level 5 of the Pits of Slime
 84572 | Slime:5  | Gained mutation: You are weak. (Str -2) [a shining eye]
 84692 | Slime:5  | Found a viscous altar of Jiyva.
 84694 | Slime:5  | Noticed the Royal Jelly
 84726 | Slime:5  | Paralysed by a great orb of eyes for 5 turns
 85115 | Slime:5  | Killed the Royal Jelly
 85397 | Slime:5  | Got a slimy rune of Zot
 85424 | Slime:5  | Identified the Collected Works on Malediction and Flight
 85571 | Slime:5  | Reached skill level 15 in Armour
 86350 | Slime:5  | Identified the +1 hunting sling "Leotaump" {vorpal, +Inv
                  | MP-9 Dex+4} (You found it on level 5 of the Pits of Slime)
 87579 | Zot:1    | Entered Level 1 of the Realm of Zot
 87586 | Depths:5 | Bought a scroll of blinking for 210 gold pieces
 87586 | Depths:5 | Bought 3 scrolls of fog for 168 gold pieces
 87586 | Depths:5 | Bought a scroll of magic mapping for 98 gold pieces
 88282 | Zot:1    | Found a runed translucent door.
 88282 | Zot:1    | Noticed EnegeticOcto's ghost (adept DDFi)
 88942 | Zot:2    | Reached XP level 27. HP: 218/248 MP: 34/38
 89318 | Zot:2    | Got a twitching marble ring
 89319 | Zot:2    | Identified the ring "Qilir" {rN+ AC+4 Dex+3} (You found it
                  | on level 2 of the Realm of Zot)
 89708 | Zot:2    | Identified the cursed +0 swamp dragon scales of Fyzaonam
                  | {rPois rF+} (You found it on level 2 of the Realm of Zot)
 90045 | Zot:2    | Reached skill level 10 in Unarmed Combat
 90663 | Zot:3    | Identified the +1 chain mail of Chimes {Dex+6 Slay+2} (You
                  | found it on level 3 of the Realm of Zot)
 90933 | Zot:3    | Reached skill level 15 in Hexes
 91855 | Zot:4    | Reached skill level 15 in Staves
 92500 | Zot:5    | Entered Level 5 of the Realm of Zot
 92571 | Zot:5    | Found a runed translucent gate.
 92571 | Zot:5    | Found a runed translucent gate.
 92572 | Zot:5    | Found a runed translucent gate.
 92574 | Zot:5    | Noticed farkougg's ghost (legendary GrEE)
 92574 | Zot:5    | Noticed barott's ghost (legendary GrFi)
 92574 | Zot:5    | Noticed P0WERM0DE's ghost (legendary OgVM)
 93301 | Zot:4    | Killed barott's ghost
 93703 | Zot:5    | Killed P0WERM0DE's ghost
 93873 | Zot:5    | Killed farkougg's ghost
 94034 | Zot:5    | Noticed an ancient lich
 94050 | Zot:5    | Killed an ancient lich
 94098 | Zot:5    | Noticed an ancient lich
 94098 | Zot:5    | Noticed an orb of fire
 94121 | Zot:5    | Killed an orb of fire
 94126 | Zot:5    | Killed an ancient lich
 94223 | Zot:5    | Noticed an ancient lich
 94234 | Zot:5    | Killed an ancient lich
 94527 | Zot:5    | Noticed an orb of fire
 94544 | Zot:5    | Killed an orb of fire
 94913 | Zot:5    | Noticed an ancient lich
 94925 | Zot:5    | Killed an ancient lich
 94997 | Zot:5    | Reached skill level 27 in Bows
 95766 | Dis:1    | Entered Level 1 of the Iron City of Dis
101707 | Dis:7    | Entered Level 7 of the Iron City of Dis
106745 | Dis:7    | Identified the +4 staff of Dispater
106745 | Dis:7    | Noticed Dispater
108511 | Dis:7    | Killed Dispater
108563 | Dis:7    | Got an iron rune of Zot
109246 | Depths:5 | Acquired Kiygg's Volume of Assistive Dislocation
109250 | Depths:5 | Voluntarily entered the Abyss.
109329 | Abyss:2  | Found a corrupted altar of Lugonu.
110138 | Abyss:3  | Found a corrupted altar of Lugonu.
110532 | Abyss:3  | Found a glowing golden altar of the Shining One.
110611 | Abyss:3  | Noticed a juggernaut
110621 | Abyss:3  | Killed a juggernaut
110626 | Abyss:3  | Got an abyssal rune of Zot
110630 | Abyss:3  | Found a glowing golden altar of the Shining One.
110828 | Abyss:3  | Found a glowing golden altar of the Shining One.
110921 | Abyss:3  | Gained mutation: Scrolls take you a little longer to read.
                  | [a neqoxec]
110962 | Abyss:3  | Found a glowing golden altar of the Shining One.
110980 | Abyss:3  | Reached skill level 15 in Translocations
111367 | Depths:5 | Escaped the Abyss
111596 | Depths:5 | Learned a level 1 spell: Summon Butterflies
111603 | Depths:5 | Learned a level 6 spell: Invisibility
111610 | Depths:5 | Learned a level 6 spell: Darkness
111617 | Depths:5 | Learned a level 6 spell: Dispersal
111620 | Depths:5 | Voluntarily entered the Abyss.
111734 | Abyss:1  | Reached skill level 1 in Short Blades
111812 | Abyss:1  | Reached skill level 1 in Summonings
111817 | Abyss:1  | Paralysed by accursed screaming for 1 turns
111944 | Abyss:2  | Got a pitted scythe
111952 | Abyss:2  | Identified the +9 scythe "Ugessatt" {venom, rPois rF+} (You
                  | found it on level 2 of the Abyss)
112105 | Abyss:3  | Lost mutation: Your flesh is cold resistant. (rC+) [potion
                  | of mutation]
112105 | Abyss:3  | Lost mutation: Scrolls take you a little longer to read.
                  | [potion of mutation]
112105 | Abyss:3  | Lost mutation: You are weak. (Str -2) [potion of mutation]
112105 | Abyss:3  | Lost mutation: Your flesh is heat resistant. (rF+) [potion
                  | of mutation]
112105 | Abyss:3  | Gained mutation: You are weak. (Str -2) [potion of
                  | mutation]
112105 | Abyss:3  | Gained mutation: You are somewhat resistant to further
                  | mutation. [potion of mutation]
112106 | Abyss:3  | Lost mutation: You are somewhat resistant to further
                  | mutation. [potion of mutation]
112106 | Abyss:3  | Lost mutation: You are weak. (Str -2) [potion of mutation]
112106 | Abyss:3  | Gained mutation: Your body sometimes deteriorates upon
                  | taking damage. [potion of mutation]
112106 | Abyss:3  | Gained mutation: Your mind is acute. (Int +2) [potion of
                  | mutation]
112107 | Abyss:3  | Lost mutation: Your body sometimes deteriorates upon taking
                  | damage. [potion of mutation]
112107 | Abyss:3  | Lost mutation: Your mind is acute. (Int +2) [potion of
                  | mutation]
112107 | Abyss:3  | Gained mutation: Your flesh is heat resistant. (rF+)
                  | [potion of mutation]
112107 | Abyss:3  | Gained mutation: You expend magic power (3 MP) to
                  | strengthen your wands. [potion of mutation]
112107 | Abyss:3  | Gained mutation: You possess an exceptional clarity of
                  | mind. [potion of mutation]
112289 | Depths:5 | Escaped the Abyss
112499 | Crypt:1  | Entered Level 1 of the Crypt
112883 | Crypt:1  | Found the +9 sword of Zonguldrok {reap}
113854 | Crypt:2  | Identified the +10 scythe of Xomik {speed, +Rage} (You
                  | found it on level 2 of the Crypt)
113959 | Crypt:2  | Noticed Mennas
113970 | Crypt:2  | Killed Mennas
114666 | Crypt:3  | Entered Level 3 of the Crypt
114933 | Crypt:3  | Reached skill level 5 in Short Blades
115465 | Crypt:3  | Found an ancient bone altar of Kikubaaqudgha.
115875 | Crypt:3  | Found the +8 mithril axe "Arga" {speed, MR+}
115880 | Crypt:3  | Noticed an ancient lich
115894 | Crypt:3  | Killed an ancient lich
115911 | Crypt:3  | Identified Ereshkigal's Reference Book on Stolen Souls
116216 | Crypt:3  | Found a staircase to the Tomb.
116978 | Tomb:1   | Entered Level 1 of the Tomb of the Ancients
117121 | Tomb:1   | Gained mutation: You are occasionally teleported next to
                  | monsters. [a neqoxec]
117423 | Tomb:1   | Identified the +6 short sword "Qileqyit" {antimagic, rElec}
                  | (You found it on level 1 of the Tomb of the Ancients)
117437 | Tomb:1   | Noticed a greater mummy
117490 | Tomb:1   | Killed a greater mummy
117843 | Tomb:1   | Noticed a greater mummy
117853 | Tomb:1   | Killed a greater mummy
117989 | Tomb:1   | Identified the +7 scimitar of Eternal Vigilance {vorpal,
                  | Dex+3 Stlth+}
118145 | Tomb:1   | Acquired 2620 gold pieces
118152 | Tomb:1   | Bought a pair of encrusted gloves for 332 gold pieces
118152 | Tomb:1   | Bought a potion of flight for 105 gold pieces
118152 | Tomb:1   | Identified the cursed -5 pair of gloves "Muicoh" {MR+
                  | Dex+2} (You bought it in a shop on level 1 of the Tomb of
                  | the Ancients)
118179 | Tomb:1   | Bought a transparent shortbow for 200 gold pieces
118180 | Tomb:1   | Identified the +10 shortbow of Lies {freeze, Str+2} (You
                  | bought it in a shop on level 1 of the Tomb of the Ancients)
118665 | Zig:1    | Entered Level 1 of a ziggurat
118693 | Zig:2    | Entered Level 2 of a ziggurat
118724 | Zig:3    | Entered Level 3 of a ziggurat
118750 | Zig:3    | Identified Jesopaiwk's Papyrus of Greatest Risks and
                  | Utility
118757 | Zig:4    | Entered Level 4 of a ziggurat
118961 | Zig:5    | Entered Level 5 of a ziggurat
119022 | Zig:6    | Entered Level 6 of a ziggurat
119083 | Zig:6    | Identified the Papyrus of Attacks
119097 | Zig:6    | Identified the +0 helmet of Huichav {Str-3 Int+2 Dex+3}
                  | (You found it on level 6 of a ziggurat)
119142 | Zig:7    | Entered Level 7 of a ziggurat
119188 | Zig:7    | Reached skill level 15 in Spellcasting
119293 | Zig:7    | Identified Angiq's Collected Works on Congealing Venom
119311 | Zig:7    | Got a heavily runed pewter ring
119313 | Zig:7    | Identified the ring "Kuguest" {+Fly Slay+2 Stlth+} (You
                  | found it on level 7 of a ziggurat)
119320 | Zig:8    | Entered Level 8 of a ziggurat
119357 | Zig:8    | Reached skill level 5 in Summonings
119448 | Zig:8    | Got a crude graven amulet
119449 | Zig:8    | Identified the amulet of Understanding {Inacc rElec rN+
                  | SInv} (You found it on level 8 of a ziggurat)
119510 | Zig:9    | Entered Level 9 of a ziggurat
119684 | Zig:10   | Entered Level 10 of a ziggurat
119757 | Zig:10   | Reached skill level 1 in Throwing
119866 | Zig:11   | Entered Level 11 of a ziggurat
119964 | Zig:11   | Got a pitted trident
120138 | Zig:11   | Identified the +2 chain mail of Hyogg {rPois} (You found it
                  | on level 11 of a ziggurat)
120144 | Zig:11   | Identified the +8 chain mail of Hedging {Int+6} (You found
                  | it on level 11 of a ziggurat)
120148 | Zig:11   | Identified the +10 plate armour "Teb Baklic" {rPois} (You
                  | found it on level 11 of a ziggurat)
120205 | Zig:11   | Learned a level 8 spell: Controlled Blink
120210 | Zig:11   | Learned a level 4 spell: Passage of Golubria
120216 | Zig:11   | Learned a level 5 spell: Summon Forest
120258 | Zig:12   | Entered Level 12 of a ziggurat
120310 | Zig:12   | Noticed an ancient lich
120315 | Zig:12   | Noticed an ancient lich
120321 | Zig:12   | Killed an ancient lich
120324 | Zig:12   | Killed an ancient lich
120473 | Zig:12   | Identified the +0 helmet "Hero's Friend" {Regen+} (You
                  | found it on level 12 of a ziggurat)
120486 | Zig:13   | Entered Level 13 of a ziggurat
120814 | Zig:14   | Entered Level 14 of a ziggurat
120951 | Zig:14   | Reached skill level 10 in Short Blades
121212 | Zig:14   | Identified the Disquisition on Bewitchment and Boosts
121216 | Zig:14   | Identified the ring of the Komodo Dragon {Fire +Fly Slay+2
                  | Stlth+} (You found it on level 14 of a ziggurat)
121231 | Zig:14   | Identified Setwuan's Guide on Dark Rites
121250 | Zig:15   | Entered Level 15 of a ziggurat
121301 | Zig:15   | Noticed an ancient lich
121313 | Zig:15   | Killed an ancient lich
121653 | Zig:15   | Identified the +4 chain mail of the Farrier {Int+6} (You
                  | found it on level 15 of a ziggurat)
121697 | Zig:16   | Entered Level 16 of a ziggurat
121737 | Zig:16   | Reached skill level 15 in Dodging
122163 | Zig:16   | Found the +7 great mace "Undeadhunter" {disrupt, rN+}
122167 | Zig:16   | Identified the cursed ring of Eternity {*Drain rF++ rN++
                  | Dex-4} (You found it on level 16 of a ziggurat)
122170 | Zig:16   | Identified Qenwyam's Compendium of Torrid Clay
122224 | Zig:17   | Entered Level 17 of a ziggurat
122710 | Zig:17   | Identified the ring of the Moon {Fire MR+} (You found it on
                  | level 17 of a ziggurat)
122712 | Zig:17   | Identified the +1 cloak of Tenacity {MR- Int+6 Dex+4} (You
                  | found it on level 17 of a ziggurat)
122751 | Zig:18   | Entered Level 18 of a ziggurat
122796 | Zig:18   | Reached skill level 5 in Throwing
122865 | Zig:18   | Found the ring of Shadows {Umbra +Inv Stlth+}
122874 | Zig:18   | Identified the Reference Book on Translocation
123007 | Zig:18   | Identified the ring of Eternal Night {AC+4 Int+2 SInv} (You
                  | found it on level 18 of a ziggurat)
123229 | Zig:18   | Identified the +4 scale mail of Nowyhoy {Int+3} (You found
                  | it on level 18 of a ziggurat)
123236 | Zig:19   | Entered Level 19 of a ziggurat
123263 | Zig:19   | Noticed a juggernaut
123268 | Zig:19   | Noticed a juggernaut
123286 | Zig:19   | Killed a juggernaut
123286 | Zig:19   | Noticed a juggernaut
123291 | Zig:19   | Noticed a juggernaut
123293 | Zig:19   | Noticed a juggernaut
123302 | Zig:19   | Killed a juggernaut
123309 | Zig:19   | Killed a juggernaut
123321 | Zig:19   | Killed a juggernaut
123329 | Zig:19   | Killed a juggernaut
123331 | Zig:19   | Noticed a juggernaut
123334 | Zig:19   | Noticed a juggernaut
123335 | Zig:19   | Noticed a juggernaut
123386 | Zig:19   | Killed a juggernaut
123407 | Zig:19   | Killed a juggernaut
123439 | Zig:19   | Reached skill level 15 in Evocations
123444 | Zig:19   | Killed a juggernaut
123759 | Zig:19   | Found the +6 Majin-Bo {vamp, Archmagi MP+6 Int+6}
123764 | Zig:19   | Found the +3 hat of Pondering {ponderous, MR+ MP+10 Int+5}
123773 | Zig:19   | Got a shimmering ivory ring
123790 | Zig:19   | Identified the +9 quarterstaff "Dybuepus" {vorpal, Stlth+}
                  | (You found it on level 19 of a ziggurat)
123792 | Zig:19   | Identified the ring "Zaprar" {rN+ EV+4 Str+2} (You found it
                  | on level 19 of a ziggurat)
123809 | Zig:19   | Got a dazzling longbow
123810 | Zig:19   | Identified the +7 longbow of Ru {freeze, rPois} (You found
                  | it on level 19 of a ziggurat)
123906 | Zig:20   | Entered Level 20 of a ziggurat
123941 | Zig:20   | Noticed a greater mummy
123942 | Zig:20   | Noticed a greater mummy
123950 | Zig:20   | Noticed a greater mummy
123958 | Zig:20   | Killed a greater mummy
123969 | Zig:20   | Killed a greater mummy
123991 | Zig:20   | Killed a greater mummy
124001 | Zig:20   | Noticed a greater mummy
124039 | Zig:21   | Entered Level 21 of a ziggurat
124418 | Zig:21   | Reached skill level 1 in Stealth
124495 | Zig:21   | Identified the Disquisition on the Escort and Translocation
124519 | Zig:21   | Identified Sif Muna's Guide on Earthen Calling
124789 | Zig:21   | Identified the +10 plate armour of Xyve Qea {+Blink rPois
                  | Dex-3} (You found it on level 21 of a ziggurat)
124830 | Zig:22   | Entered Level 22 of a ziggurat
125254 | Zig:22   | Got a crude copper amulet
125258 | Zig:22   | Identified Jurghat's Papyrus of Aerial Companions
125695 | Zig:22   | Identified the +9 shortbow of Kajooveq {venom, MR++ MP+9
                  | Dex+2} (You found it on level 22 of a ziggurat)
125696 | Zig:22   | Identified the amulet "Voles" {Faith +Fly} (You found it on
                  | level 22 of a ziggurat)
125777 | Zig:22   | Learned a level 8 spell: Discord
125792 | Zig:22   | Identified the +9 quarterstaff of Kidixti {freeze, *Contam
                  | rF+ rN+} (You found it on level 22 of a ziggurat)
125795 | Zig:23   | Entered Level 23 of a ziggurat
125923 | Zig:23   | Lost mutation: You possess an exceptional clarity of mind.
                  | [a cacodemon]
126017 | Zig:23   | Noticed Jicubbink the pandemonium lord
126053 | Zig:23   | Found the +10 tower shield of Ignorance {rN+ Int-4}
126056 | Zig:24   | Entered Level 24 of a ziggurat
126306 | Zig:24   | Noticed an ancient lich
126352 | Zig:24   | Noticed an ancient lich
126354 | Zig:24   | Cast into level 5 of the Abyss (an ancient lich)
126354 | Abyss:5  | Entered Level 5 of the Abyss
126355 | Abyss:5  | Found a corrupted altar of Lugonu.
126368 | Abyss:5  | Found a corrupted altar of Lugonu.
126463 | Abyss:5  | Learned a level 3 spell: Lesser Beckoning
126657 | Zig:24   | Escaped the Abyss
126664 | Zig:24   | Killed an ancient lich
126671 | Zig:24   | Killed an ancient lich
126690 | Zig:24   | Reached skill level 15 in Short Blades
126779 | Zig:24   | Noticed an ancient lich
126787 | Zig:24   | Killed an ancient lich
126968 | Zig:24   | Found the +2 ratskin cloak {+Rats rPois rN+ Str-1 Int-1
                  | Dex+1}
126980 | Zig:24   | Identified the Compendium of Flying Moulding
126997 | Zig:24   | Identified the +3 scale mail "Vaivix Ciso" {Str+2} (You
                  | found it on level 24 of a ziggurat)
127084 | Zig:25   | Entered Level 25 of a ziggurat
127173 | Zig:25   | Noticed an ancient lich
127182 | Zig:25   | Killed an ancient lich
127419 | Zig:25   | Reached skill level 5 in Stealth
127429 | Zig:25   | Gained mutation: You do not regenerate when monsters are
                  | visible. [mutagenic glow]
127624 | Zig:25   | Lost mutation: You are occasionally teleported next to
                  | monsters. [potion of mutation]
127624 | Zig:25   | Lost mutation: You expend magic power (3 MP) to strengthen
                  | your wands. [potion of mutation]
127624 | Zig:25   | Lost mutation: Your flesh is heat resistant. (rF+) [potion
                  | of mutation]
127624 | Zig:25   | Gained mutation: You occasionally shout uncontrollably at
                  | your foes. [potion of mutation]
127624 | Zig:25   | Gained mutation: You sometimes yell uncontrollably at your
                  | foes. [potion of mutation]
127624 | Zig:25   | Gained mutation: You have a pair of small horns on your
                  | head. [potion of mutation]
127624 | Zig:25   | Gained mutation: You have a pair of horns on your head.
                  | [potion of mutation]
127625 | Zig:25   | Lost mutation: You do not regenerate when monsters are
                  | visible. [potion of mutation]
127625 | Zig:25   | Lost mutation: You have a pair of horns on your head.
                  | [potion of mutation]
127625 | Zig:25   | Lost mutation: You have a pair of small horns on your head.
                  | [potion of mutation]
127625 | Zig:25   | Gained mutation: Your mind is acute. (Int +2) [potion of
                  | mutation]
127625 | Zig:25   | Gained mutation: You are somewhat resistant to further
                  | mutation. [potion of mutation]
127893 | Zig:25   | Got a crude sapphire amulet
127896 | Zig:25   | Identified Okhlyd's Handbook of Transmigration
127910 | Zig:25   | Identified the amulet of Obsession {Reflect *Corrode rPois
                  | rF+++ MR+ SH+5} (You found it on level 25 of a ziggurat)
127914 | Zig:25   | Identified the amulet of Pocic {RegenMP Fragile rElec rC-
                  | Str+8} (You found it on level 25 of a ziggurat)
128011 | Zig:25   | Got a faintly glowing gossamer ring
128016 | Zig:25   | Identified the +2 cloak of Fashrer {rPois rC- Stlth+} (You
                  | found it on level 25 of a ziggurat)
128017 | Zig:25   | Identified the ring of Perr {Fire rElec Dex+2} (You found
                  | it on level 25 of a ziggurat)
128075 | Zig:25   | Identified the +12 plate armour of Lofut {rC+ rN+++ Str+2
                  | Dex-5} (You found it on level 25 of a ziggurat)
128079 | Zig:26   | Entered Level 26 of a ziggurat
129245 | Zig:26   | Identified the +2 troll leather armour "Ocanetre" {rF-
                  | Regen+ Int+2 Dex+6} (You found it on level 26 of a
                  | ziggurat)
129250 | Zig:26   | Identified the +13 plate armour of Zuqit {rCorr} (You found
                  | it on level 26 of a ziggurat)
129327 | Zig:27   | Entered Level 27 of a ziggurat
129341 | Zig:27   | Noticed an orb of fire
129360 | Zig:27   | Gained mutation: You are occasionally teleported next to
                  | monsters. [an orb of fire]
129361 | Zig:27   | Lost mutation: Your mind is acute. (Int +2) [an orb of
                  | fire]
129370 | Zig:27   | Killed an orb of fire
129371 | Zig:27   | Lost mutation: You sometimes yell uncontrollably at your
                  | foes. [potion of mutation]
129371 | Zig:27   | Lost mutation: You occasionally shout uncontrollably at
                  | your foes. [potion of mutation]
129372 | Zig:27   | Lost mutation: You are somewhat resistant to further
                  | mutation. [potion of mutation]
129372 | Zig:27   | Gained mutation: You are clumsy. (Dex -2) [potion of
                  | mutation]
129372 | Zig:27   | Gained mutation: Scrolls take you a little longer to read.
                  | [potion of mutation]
129372 | Zig:27   | Gained mutation: You evolve. [potion of mutation]
129373 | Zig:27   | Lost mutation: You evolve. [potion of mutation]
129373 | Zig:27   | Lost mutation: You are clumsy. (Dex -2) [potion of
                  | mutation]
129373 | Zig:27   | Gained mutation: Your mind is acute. (Int +2) [potion of
                  | mutation]
129373 | Zig:27   | Gained mutation: Your flesh is cold resistant. (rC+)
                  | [potion of mutation]
129373 | Zig:27   | Gained mutation: You have a somewhat thin skeletal
                  | structure. (Dex +2, Stealth) [potion of mutation]
129373 | Zig:27   | Lost mutation: Scrolls take you a little longer to read.
                  | [potion of mutation]
129374 | Zig:27   | Lost mutation: Your mind is acute. (Int +2) [potion of
                  | mutation]
129374 | Zig:27   | Lost mutation: You have a somewhat thin skeletal structure.
                  | (Dex +2, Stealth) [potion of mutation]
129374 | Zig:27   | Gained mutation: You evolve. [potion of mutation]
129374 | Zig:27   | Gained mutation: Your spells are a little harder to cast,
                  | but a little more powerful. [potion of mutation]
129374 | Zig:27   | Gained mutation: You have a somewhat thin skeletal
                  | structure. (Dex +2, Stealth) [potion of mutation]
129390 | Zig:27   | Noticed an orb of fire
129397 | Zig:27   | Killed an orb of fire
129420 | Zig:27   | Noticed an orb of fire
129448 | Zig:27   | Noticed an orb of fire
129452 | Zig:27   | Gained mutation: You are dopey. (Int -2) [an orb of fire]
129454 | Zig:27   | Gained mutation: You tend to lose your temper in combat.
                  | [an orb of fire]
129461 | Zig:27   | Killed an orb of fire
129503 | Zig:27   | Noticed an orb of fire
129505 | Zig:27   | Noticed an orb of fire
129509 | Zig:27   | Lost mutation: Your spells are a little harder to cast, but
                  | a little more powerful. [an orb of fire]
129522 | Zig:27   | Noticed an orb of fire
129528 | Zig:27   | Killed an orb of fire
129531 | Zig:27   | Gained mutation: Your body sometimes deteriorates upon
                  | taking damage. [an orb of fire]
129532 | Zig:27   | Killed an orb of fire
129534 | Zig:27   | Gained mutation: Scrolls take you a little longer to read.
                  | [an orb of fire]
129544 | Zig:27   | Killed an orb of fire
129572 | Zig:27   | Noticed an orb of fire
129586 | Zig:27   | Noticed an orb of fire
129590 | Zig:27   | Gained mutation: You are very dopey. (Int -4) [an orb of
                  | fire]
129591 | Zig:27   | Killed an orb of fire
129599 | Zig:27   | Reached skill level 10 in Throwing
129609 | Zig:27   | Gained mutation: You do not regenerate when monsters are
                  | visible. [an orb of fire]
129624 | Zig:27   | Killed an orb of fire
129939 | Zig:27   | Killed an orb of fire
130258 | Zig:27   | Found the +0 pair of fencer's gloves {Riposte Dex+3}
130259 | Zig:27   | Found the +12 glaive of Prune {vorpal}
130260 | Zig:27   | Found the amulet of the Air {Inacc +Fly rElec EV+5 RMsl}
130325 | Zig:27   | Identified Ahiluf's Reference Book on Blistering Flight
130336 | Zig:27   | Got a brightly glowing graven amulet
130393 | Zig:27   | Lost mutation: Your flesh is cold resistant. (rC+) [potion
                  | of mutation]
130393 | Zig:27   | Lost mutation: You are very dopey. (Int -4) [potion of
                  | mutation]
130393 | Zig:27   | Gained mutation: You occasionally shout uncontrollably at
                  | your foes. [potion of mutation]
130393 | Zig:27   | Gained mutation: You are resistant to electric shocks.
                  | (rElec) [potion of mutation]
130396 | Zig:27   | Lost mutation: You are dopey. (Int -2) [potion of mutation]
130396 | Zig:27   | Lost mutation: Scrolls take you a little longer to read.
                  | [potion of mutation]
130396 | Zig:27   | Lost mutation: You are occasionally teleported next to
                  | monsters. [potion of mutation]
130396 | Zig:27   | Lost mutation: You have a somewhat thin skeletal structure.
                  | (Dex +2, Stealth) [potion of mutation]
130396 | Zig:27   | Gained mutation: You can translocate small distances at
                  | will. [potion of mutation]
130396 | Zig:27   | Gained mutation: You are partially covered in large bone
                  | plates. (SH +4) [potion of mutation]
130536 | Zig:27   | Identified the amulet "Qimuicua" {Inacc Str+8} (You found
                  | it on level 27 of a ziggurat)
130555 | Depths:3 | Lost mutation: You do not regenerate when monsters are
                  | visible. [potion of mutation]
130555 | Depths:3 | Lost mutation: You are resistant to electric shocks.
                  | (rElec) [potion of mutation]
130555 | Depths:3 | Gained mutation: You are weak. (Str -2) [potion of
                  | mutation]
130555 | Depths:3 | Gained mutation: You have a pair of small horns on your
                  | head. [potion of mutation]
130555 | Depths:3 | Gained mutation: You are surrounded by a mild repulsion
                  | field. (EV +2) [potion of mutation]
130555 | Depths:3 | Gained mutation: You are agile. (Dex +2) [potion of
                  | mutation]
130556 | Depths:3 | Lost mutation: You tend to lose your temper in combat.
                  | [potion of mutation]
130556 | Depths:3 | Lost mutation: You evolve. [potion of mutation]
130556 | Depths:3 | Lost mutation: You can translocate small distances at will.
                  | [potion of mutation]
130556 | Depths:3 | Lost mutation: You are agile. (Dex +2) [potion of mutation]
130556 | Depths:3 | Gained mutation: You have a pair of horns on your head.
                  | [potion of mutation]
130556 | Depths:3 | Gained mutation: Your mind is acute. (Int +2) [potion of
                  | mutation]
130616 | Depths:3 | Acquired 1520 gold pieces
130620 | Depths:3 | Acquired 2170 gold pieces
130624 | Depths:3 | Acquired 870 gold pieces
130846 | Geh:1    | Entered Level 1 of Gehenna
131088 | Geh:1    | Reached skill level 10 in Summonings
132097 | Geh:2    | You fall into a shaft and drop 1 floor!
136936 | Geh:5    | You fall into a shaft and drop 1 floor!
136964 | Geh:7    | Entered Level 7 of Gehenna
138767 | Geh:7    | Identified the +3 crystal plate armour of Yqoing {rCorr
                  | Int+5} (You found it on level 7 of Gehenna)
139046 | Geh:7    | Identified the +8 short sword "Feipt" {vamp, rF+++ rC+
                  | Str-4 Dex+4}
139210 | Geh:7    | Identified the +7 sceptre of Asmodeus
139210 | Geh:7    | Noticed Asmodeus
139271 | Geh:7    | Killed Asmodeus
139670 | Geh:7    | Got an obsidian rune of Zot
140000 | Tar:1    | Entered Level 1 of Tartarus
146003 | Tar:5    | Noticed an ancient lich
146011 | Tar:5    | Killed an ancient lich
147172 | Tar:5    | Reached skill level 10 in Stealth
148626 | Tar:7    | Entered Level 7 of Tartarus
149416 | Tar:7    | Noticed an ancient lich
149887 | Tar:7    | Killed an ancient lich
150075 | Tar:7    | Noticed the Serpent of Hell
150112 | Tar:7    | Killed the Serpent of Hell
150374 | Tar:7    | Noticed Ereshkigal
150389 | Tar:7    | Killed Ereshkigal
150720 | Tar:7    | Identified the Almanac of the Harmful Compass
152611 | Tar:7    | Got a bone rune of Zot
152807 | Tar:7    | Identified the Reference Book on Creative Venom
153103 | Hell     | Learned a level 1 spell: Animate Skeleton
153177 | Depths:1 | Voluntarily entered the Abyss.
153199 | Abyss:1  | Found a corrupted altar of Lugonu.
153344 | Abyss:1  | Paralysed by accursed screaming for 2 turns
153352 | Abyss:1  | Paralysed by accursed screaming for 1 turns
153447 | Depths:1 | Escaped the Abyss
153451 | Depths:1 | Voluntarily entered the Abyss.
153667 | Abyss:1  | Found a transporter.
153718 | Abyss:1  | Found a transporter.
154165 | Abyss:2  | Noticed an ancient lich
154167 | Abyss:2  | Killed an ancient lich
155927 | Abyss:2  | Noticed an ancient lich
155936 | Abyss:2  | Killed an ancient lich
156088 | Abyss:3  | Found a sparkling altar of Nemelex Xobeh.
156441 | Abyss:4  | Reached skill level 15 in Throwing
157000 | Depths:1 | Escaped the Abyss
157204 | Hell     | Bought a scroll of fog for 84 gold pieces
157204 | Hell     | Bought a potion of curing for 126 gold pieces
157204 | Hell     | Bought a potion of resistance for 420 gold pieces
157305 | Pan      | Entered the realm of Cerebov.
157305 | Pan      | Entered Pandemonium
158204 | Pan      | Identified The Advanced Guide to Magic
158243 | Pan      | Got a vibrating silver ring
158246 | Pan      | Got a shimmering pewter ring
158257 | Pan      | Identified the ring of Tusk {EV+4 Str+2 Int+2} (You found
                  | it in Pandemonium)
158259 | Pan      | Identified the ring "Sorycuk" {+Fly rC+++ MR+ Dex+6 Stlth-}
                  | (You found it in Pandemonium)
158283 | Pan      | Got a fine granite ring
158295 | Pan      | Identified the ring "Abbykl Ryaxa" {Wiz rPois Str+3} (You
                  | found it in Pandemonium)
158321 | Pan      | Got a twitching lapis lazuli ring
158331 | Pan      | Identified the ring of Jistog {*Tele Int+4} (You found it
                  | in Pandemonium)
158357 | Pan      | Identified the +6 sword of Cerebov {flame}
158357 | Pan      | Noticed Cerebov
158419 | Pan      | Killed Cerebov
158681 | Pan      | Got a fiery rune of Zot
159616 | Pan      | Found an exit through the horrors of the Abyss.
159984 | Pan      | Reached skill level 27 in Fighting
160008 | Pan      | Noticed Kaigorex the pandemonium lord
160009 | Pan      | Got a demonic rune of Zot
160350 | Pan      | Noticed Duimi Rywo the pandemonium lord
160359 | Pan      | Killed Duimi Rywo the pandemonium lord
160359 | Pan      | Reached skill level 1 in Necromancy
160839 | Pan      | Noticed Seluec the pandemonium lord
160842 | Pan      | Gained mutation: You sometimes yell uncontrollably at your
                  | foes. [a cacodemon]
160921 | Pan      | Gained mutation: You are very weak. (Str -4) [a neqoxec]
160928 | Pan      | Noticed Votaseca the pandemonium lord
161119 | Pan      | Found an exit through the horrors of the Abyss.
161294 | Pan      | Lost mutation: Your mind is acute. (Int +2) [a cacodemon]
162369 | Pan      | Found a glowing silver altar of Zin.
162694 | Pan      | Identified the +7 tower shield "Alukk" {rC+ rCorr}
163176 | Pan      | Noticed Rusorch the pandemonium lord
163233 | Pan      | Reached skill level 5 in Necromancy
163563 | Pan      | Noticed Vavuk the pandemonium lord
163684 | Pan      | Noticed Pawoupp the pandemonium lord
163700 | Pan      | Killed Pawoupp the pandemonium lord
164199 | Pan      | Reached skill level 27 in Staves
164780 | Pan      | Found a huge runed translucent gate.
164780 | Pan      | Found a huge runed translucent gate.
164781 | Pan      | Found a huge runed translucent gate.
164781 | Pan      | Found a huge runed translucent gate.
164782 | Pan      | Found a huge runed translucent gate.
164782 | Pan      | Found a huge runed translucent gate.
164866 | Pan      | Found a huge runed translucent gate.
164867 | Pan      | Found a huge runed translucent gate.
164868 | Pan      | Found a huge runed translucent gate.
164868 | Pan      | Found a huge runed translucent gate.
164869 | Pan      | Found a huge runed translucent gate.
164869 | Pan      | Found a huge runed translucent gate.
164870 | Pan      | Found a huge runed translucent gate.
164870 | Pan      | Found a huge runed translucent gate.
164870 | Pan      | Found a huge runed translucent gate.
164870 | Pan      | Found a huge runed translucent gate.
164871 | Pan      | Found a huge runed translucent gate.
164871 | Pan      | Found a huge runed translucent gate.
164871 | Pan      | Found a huge runed translucent gate.
164871 | Pan      | Found a huge runed translucent gate.
164871 | Pan      | Found a huge runed translucent gate.
164873 | Pan      | Noticed Bapn the pandemonium lord
164932 | Pan      | Noticed Tyephy the pandemonium lord
164938 | Pan      | Gained mutation: Your spells are a little easier to cast,
                  | but a little less powerful. [a neqoxec]
164946 | Pan      | Cast into level 4 of the Abyss (Tyephy)
165335 | Pan      | Escaped the Abyss
165335 | Pan      | Gained mutation: Potions are less effective at restoring
                  | your health. [a neqoxec]
165352 | Pan      | Killed Tyephy the pandemonium lord
165661 | Pan      | Noticed Eddud the pandemonium lord
166016 | Pan      | Identified the +10 scimitar "Ligg" {freeze, Stlth+}
166857 | Pan      | Found an exit through the horrors of the Abyss.
167035 | Pan      | Noticed Pamaqull the pandemonium lord
167216 | Pan      | Noticed Qiqir the pandemonium lord
167237 | Pan      | Entered the realm of Mnoleg.
167247 | Pan      | Killed Qiqir the pandemonium lord
167353 | Pan      | Noticed Mnoleg
167386 | Pan      | Killed Mnoleg
167386 | Pan      | Reached skill level 15 in Summonings
167398 | Pan      | Gained mutation: You are partially covered in rugged brown
                  | scales. (AC +1, +3% HP) [a cacodemon]
167638 | Pan      | Got a glowing rune of Zot
168222 | Pan      | Entered the realm of Gloorx Vloq.
168545 | Pan      | Noticed Gloorx Vloq
169206 | Pan      | Killed Gloorx Vloq
169609 | Pan      | Got a dark rune of Zot
169696 | Pan      | Reached skill level 10 in Necromancy
169773 | Pan      | Entered the realm of Lom Lobon.
170833 | Pan      | Noticed Lom Lobon
170912 | Pan      | Killed Lom Lobon
170990 | Pan      | Got a magical rune of Zot
171514 | Depths:3 | Escaped Pandemonium
171623 | Coc:1    | Entered Level 1 of Cocytus
172767 | Coc:7    | Entered Level 7 of Cocytus
173060 | Coc:7    | Got a heavily runed lead amulet
173061 | Coc:7    | Identified the amulet "Ymeicvol" {+Fly Regen+ Str+3} (You
                  | found it on level 7 of Cocytus)
173223 | Coc:7    | Noticed Antaeus
173246 | Coc:7    | Killed Antaeus
173350 | Coc:7    | Got an icy rune of Zot
173642 | Coc:7    | Got a translucent lapis lazuli ring
173647 | Coc:7    | Identified the ring of Wishful Thinking {Fire rN+ MR+} (You
                  | found it on level 7 of Cocytus)
174267 | Depths:3 | Voluntarily entered the Abyss.
174359 | Abyss:1  | Found an ancient bone altar of Kikubaaqudgha.
174469 | Abyss:1  | Paralysed by accursed screaming for 1 turns
174696 | Abyss:1  | Paralysed by accursed screaming for 1 turns
174825 | Abyss:1  | Found an ancient bone altar of Kikubaaqudgha.
175004 | Abyss:1  | Paralysed by accursed screaming for 1 turns
175095 | Abyss:1  | Found an ancient bone altar of Kikubaaqudgha.
175179 | Abyss:1  | Reached skill level 15 in Necromancy
175264 | Abyss:1  | Paralysed by accursed screaming for 1 turns
175295 | Abyss:1  | Found an ancient bone altar of Kikubaaqudgha.
176976 | Abyss:4  | Noticed an ancient lich
176984 | Abyss:4  | Killed an ancient lich
177325 | Abyss:5  | Entered Level 5 of the Abyss
177325 | Abyss:5  | Found a corrupted altar of Lugonu.
177453 | Abyss:5  | Found a corrupted altar of Lugonu.
177482 | Abyss:5  | Found a corrupted altar of Lugonu.
177562 | Depths:3 | Escaped the Abyss
178845 | Tomb:1   | Lost mutation: You are surrounded by a mild repulsion
                  | field. (EV +2) [potion of mutation]
178845 | Tomb:1   | Lost mutation: You are partially covered in large bone
                  | plates. (SH +4) [potion of mutation]
178845 | Tomb:1   | Gained mutation: Your flesh is heat resistant. (rF+)
                  | [potion of mutation]
178845 | Tomb:1   | Gained mutation: You are resistant to hostile enchantments.
                  | (MR+) [potion of mutation]
178846 | Tomb:1   | Lost mutation: You have a pair of horns on your head.
                  | [potion of mutation]
178846 | Tomb:1   | Lost mutation: Potions are less effective at restoring your
                  | health. [potion of mutation]
178846 | Tomb:1   | Lost mutation: You are very weak. (Str -4) [potion of
                  | mutation]
178846 | Tomb:1   | Lost mutation: Your spells are a little easier to cast, but
                  | a little less powerful. [potion of mutation]
178846 | Tomb:1   | Gained mutation: You are agile. (Dex +2) [potion of
                  | mutation]
178942 | Tomb:2   | Noticed a greater mummy
178950 | Tomb:2   | Killed a greater mummy
178950 | Tomb:2   | Reached skill level 5 in Transmutations
178988 | Tomb:2   | Noticed a greater mummy
179036 | Tomb:2   | Killed a greater mummy
179249 | Tomb:2   | Noticed a greater mummy
179262 | Tomb:2   | Killed a greater mummy
179740 | Tomb:2   | Noticed Frederick
179745 | Tomb:2   | Killed Frederick
179813 | Tomb:2   | Noticed a greater mummy
179828 | Tomb:2   | Killed a greater mummy
180984 | Tomb:1   | Noticed a greater mummy
180984 | Tomb:1   | Noticed a greater mummy
180984 | Tomb:1   | Noticed a greater mummy
180990 | Tomb:1   | Killed a greater mummy
181559 | Tomb:1   | Killed a greater mummy
181559 | Tomb:1   | Noticed a greater mummy
181567 | Tomb:1   | Killed a greater mummy
181737 | Tomb:1   | Killed a greater mummy
181826 | Tomb:1   | Noticed a greater mummy
181836 | Tomb:1   | Noticed a greater mummy
181837 | Tomb:1   | Killed a greater mummy
181932 | Tomb:1   | Killed a greater mummy
181993 | Tomb:1   | Noticed a greater mummy
182001 | Tomb:1   | Killed a greater mummy
182013 | Tomb:1   | Noticed a greater mummy
182019 | Tomb:1   | Killed a greater mummy
182023 | Tomb:1   | Noticed a greater mummy
182027 | Tomb:1   | Killed a greater mummy
182037 | Tomb:1   | Noticed a greater mummy
182044 | Tomb:1   | Killed a greater mummy
182269 | Tomb:1   | Noticed a greater mummy
182271 | Tomb:1   | Noticed a greater mummy
182338 | Tomb:1   | Killed a greater mummy
182351 | Tomb:1   | Noticed a greater mummy
182364 | Tomb:1   | Killed a greater mummy
182564 | Tomb:1   | Noticed a greater mummy
182572 | Tomb:1   | Killed a greater mummy
182584 | Tomb:1   | Noticed a greater mummy
182589 | Tomb:1   | Killed a greater mummy
182590 | Tomb:1   | Noticed a greater mummy
182601 | Tomb:1   | Killed a greater mummy
182608 | Tomb:1   | Killed a greater mummy
184574 | Tomb:2   | Learned a level 8 spell: Borgnjor's Revivification
184581 | Tomb:3   | Entered Level 3 of the Tomb of the Ancients
184635 | Tomb:3   | Reached skill level 10 in Transmutations
184652 | Tomb:3   | Noticed a greater mummy
184655 | Tomb:3   | Noticed a greater mummy
184665 | Tomb:3   | Found the amulet of the Four Winds {rN+ MR+++ Clar}
184709 | Tomb:3   | Identified the Grimoire of Confrontation and the Volcanoes
184719 | Tomb:3   | Killed a greater mummy
184725 | Tomb:3   | Killed a greater mummy
184731 | Tomb:3   | Identified the Compendium of Earthen Heat
184739 | Tomb:3   | Identified the Almanac of Shape Shifting
184744 | Tomb:3   | Identified the Papyrus of the Mutagenic Birds
184773 | Tomb:3   | Identified the +4 cloak of Lilacs {Str+8 Dex-2} (You found
                  | it on level 3 of the Tomb of the Ancients)
184886 | Tomb:3   | Killed a greater mummy
184935 | Tomb:3   | Identified the Tome of Dusty Evil
185009 | Tomb:3   | Noticed a greater mummy
185010 | Tomb:3   | Noticed a greater mummy
185010 | Tomb:3   | Noticed a greater mummy
185017 | Tomb:3   | Killed a greater mummy
185033 | Tomb:3   | Noticed a greater mummy
185117 | Tomb:3   | Killed a greater mummy
185208 | Tomb:3   | Noticed a greater mummy
185228 | Tomb:3   | Got a golden rune of Zot
185365 | Tomb:3   | Upgraded the game from 0.25.0-45-g978344163c to
                  | 0.25.0-46-gbd7b0854d2
185403 | Tomb:3   | Identified the +6 triple sword "Asoosty" {drain, rC+ MR+
                  | Str-3 Dex+3} (You found it on level 3 of the Tomb of the
                  | Ancients)
185407 | Tomb:3   | Identified the +2 ring mail "Agylett" {rCorr} (You found it
                  | on level 3 of the Tomb of the Ancients)
185448 | Tomb:3   | Killed a greater mummy
186429 | Zot:5    | Got the Orb of Zot
186557 | Zot:1    | Noticed Gylasof the pandemonium lord
186572 | Zot:1    | Killed Gylasof the pandemonium lord
186600 | Zot:1    | Noticed Geppit the pandemonium lord
186619 | Zot:1    | Killed Geppit the pandemonium lord
187311 | D:$      | Escaped with the Orb!

Illustrated notes

Levels and vault maps discovered:
D:1:      dpeg_arrival_radiant, layout_basic, kennysheep_crisscross
D:2:      layout_basic, grunt_dithmenos_smoke_and_mirrors,
          uniq_crazy_yiuf_cottage, uniq_robin
D:3:      layout_loops_ring, chequers_ecumenical_altar_simple
D:4:      minmay_evil_eye, layout_basic, trog_eyes_of_draining, led_sif_pool,
          first_ration, trog_three_pillars_becter
D:5:      layout_cave_pods, lemuel_crystal_altar, enter_ossuary_3, uniq_grinder,
          uniq_pikel, uniq_menkaure, uniq_duvessa
D:6:      layout_cave_pods, vehumet_crystals, old_standard_altar, serial_shops,
          nicolae_shop_crystal
D:7:      kennysheep_housing_project, layout_rooms, elyvilon_altar_5,
          ashenzari_altar_1, minmay_temple_entry_waves, basic_altar,
          serial_shops, nicolae_shop_waterfront
D:8:      layout_basic, kennysheep_little_box, minmay_overflow_temple_star_quad,
          basic_altar
D:9:      layout_small_grid
D:10:     layout_layer_cave, serial_rivers, chequers_serial_rivers_small_b,
          chequers_serial_rivers_marsh, chequers_serial_rivers_micro_c,
          chequers_serial_rivers_large_a, grunt_tengu_nest, uniq_snorg
D:11:     layout_roguey, erik_lair_orcish_takeover, david_orc_5, serial_shops,
          shop
D:12:     layout_roguey [special_room_bee]
D:13:     minmay_connected_triangles_in_corner, layout_loops_cross,
          small_chamber_with_monster, uniq_jorgrun
D:14:     lemuel_ogre_cave, layout_grid_maze, lightli_vaults_fourway_checkpoint,
          kennysheep_doodads
D:15:     grunt_enter_depths_snipers, layout_long_grid
Temple:   minmay_freezing_vapour_temple
Lair:1:   layout_cave_pods, grunt_megastairs_3
Lair:2:   layout_cave_pods, nicolae_spider_entry_orb_guardian,
          grunt_forest_large_clearings, lemuel_fruit_fields, lemuel_fruit_tree
Lair:3:   layout_layer_cave, palyth_hydra_swamp_entry
Lair:4:   layout_regular_city
Lair:5:   layout_regular_city, nicolae_volcano_entry_two_sided
Lair:6:   guppyfry_lair_end_dragon, layout_small_grid, wormcave, slime_altar_2
Swamp:1:  cheibrodos_swamp_monstrosity, layout_basic_swamp,
          hangedman_swamp_lotus
Swamp:2:  layout_falls_marsh, nicolae_swamp_dense_foliage
Swamp:3:  layout_basic_swamp, nicolae_swamp_treefoil, swamp_pool3,
          infiniplex_staircase_pool_2
Swamp:4:  byrel_swamp_growth_death_and_undeath, layout_basic_swamp
Spider:1: layout_spider_delve, hangedman_spider_tarantella_strand
Spider:2: layout_spider_delve, hangedman_spider_mandibles, uniq_arachne
Spider:3: layout_spider_delve, drop_trap
Spider:4: johnstein_spider_rune_arachne_lair, nicolae_spider_webbed_stairs
Slime:1:  layout_caves
Slime:2:  layout_caves
Slime:3:  layout_caves
Slime:4:  layout_caves, cheibrodos_slime_lost_civilization_7
Slime:5
Orc:1:    layout_diamond_mine, basic_altar
Orc:2:    grunt_orc_community_town_hall, layout_diamond_mine,
          grunt_orc_community_big_house_1, grunt_orc_community_big_house_1,
          grunt_orc_community_house_3, grunt_orc_community_house_1,
          grunt_orc_community_house_3, grunt_orc_community_house_1,
          serial_shops, nicolae_shop_temple_entry_statues_fountains
Elf:1:    minmay_elf_arrival_circle, layout_loops_ring, serial_shops,
          shop_statue, enter_trove_3, kennysheep_underground_church,
          grunt_ministairs_7, hangedman_glass_teeth
Elf:2:    layout_gridlike, uniq_azrael
Elf:3:    grunt_elf_hall_asides, layout_gridlike, serial_shops, shop
Vaults:1: v_rooms_4, vaults_dpeg_doors, grunt_vaults_focal,
          hangedman_vaults_maws, v_misc_16, hangedman_vaults_river_flow,
          ontoclasm_vaults_tryst, ontoclasm_vaults_ring_square,
          nicolae_vaults_border_crossing, serial_ice_b, vaults_dpeg_ring,
          layout_vaults_big_room, serial_shops, shop_fountains,
          nicolae_shop_waterfront, shop, shop, nicolae_shop_trees
Vaults:2: v_alt_pattern_5, ontoclasm_vaults_loading_screen,
          minmay_crypt_entry_simple_round, v_rooms_4, ontoclasm_vaults_gateway,
          v_misc_31, vaults_room_large_hall, nicolae_vaults_shelves_hall,
          v_misc_19, v_alt_pattern_4, nicolae_vaults_asterisk,
          nicolae_vaults_quartermaster, layout_vaults_ring,
          infiniplex_enter_wizlab_glasses, serial_shops, shop_statue,
          nicolae_shop_waterfront, shop, uniq_margery
Vaults:3: nicolae_vaults_network_square, hangedman_vaults_stitches,
          grunt_vaults_hallway_long, vaults_standard_mumra_x, vaults_dpeg_cross,
          v_rooms_6, v_misc_17, vaults_room_stairs_pillars, st_more_cells,
          hangedman_vaults_cutoff, ontoclasm_vaults_spin,
          ontoclasm_vaults_shuriken, layout_vaults_maze_bifur, serial_shops,
          bzr_firewalk, uniq_saint_roka
Vaults:4: advil_vaults_ghost_lines, ontoclasm_vaults_bender, v_misc_27,
          v_rooms_6, vaults_dpeg_encased_lava, ontoclasm_vaults_twist,
          v_misc_26, vaults_room_corners, hangedman_vaults_stagger,
          vaults_dpeg_hooks, vaults_room_pool, layout_vaults_omnigrid
Vaults:5
Crypt:1:  layout_chaotic_city, fountainhead, minmay_guarded_unrand_zonguldrok
Crypt:2:  minmay_skeleton_keep, layout_chaotic_city, st_stairs_11, uniq_mennas
Crypt:3:  evilmike_haunted_forest
Tomb:1
Tomb:2:   uniq_frederick
Tomb:3
Depths:1: layout_gridlike, abyss_entry, hell_entry, kennysheep_cross_bottleneck,
          kennysheep_generic_room_16
Depths:2: little_maze_vault, layout_cave_pools, gammafunk_ghost_tricky_traps,
          grunt_hell_entry_dis_grunt, minmay_staircase_statues
Depths:3: minmay_the_grid_square_5x5_5x5_mashed
          [minmay_the_grid_square_5x5_three_walls,
          minmay_the_grid_square_5x5_checkered_sparse,
          minmay_the_grid_square_5x5_shrine1, minmay_the_grid_square_5x5_comb,
          minmay_the_grid_square_5x5_hollow_slash,
          minmay_the_grid_square_5x5_gyroscope,
          minmay_the_grid_square_5x5_prize_monsterx,
          minmay_the_grid_square_5x5_seven,
          minmay_the_grid_square_5x5_prize_snowflake,
          minmay_the_grid_square_5x5_v, minmay_the_grid_square_5x5_minimal,
          minmay_the_grid_square_5x5_longway,
          minmay_the_grid_square_5x5_prize_deathbox,
          minmay_the_grid_square_5x5_pentomino_r,
          minmay_the_grid_square_5x5_tie, minmay_the_grid_square_5x5_minivault,
          minmay_the_grid_square_5x5_prize_waves,
          minmay_the_grid_square_5x5_slash,
          minmay_the_grid_square_5x5_prize_junk,
          minmay_the_grid_square_5x5_moneybag,
          minmay_the_grid_square_5x5_broken_cross,
          minmay_the_grid_square_5x5_inner_v,
          minmay_the_grid_square_5x5_sharp_hourglass,
          minmay_the_grid_square_5x5_n,
          minmay_the_grid_square_5x5_intrusive_squares], layout_basic,
          enter_ziggurat_d, abyss_entry_flame_altar, rand_demon_pan_entry_4,
          hell_entry, minmay_serpent_palace, serial_bayou_shore_a
Depths:4: wad_pebble_path, layout_basic, grunt_hell_horde, abyss_entry,
          dispersion_dpeg
Depths:5: grunt_zot_entry_bicorn, layout_gridville, abyss_entry,
          minmay_misc_feat_five, hangedman_coc_ice_floe, serial_shops,
          bzr_entry_gold, minmay_misc_feat_cross
Hell
Dis:1:    layout_subdivisions
Dis:2:    layout_gridville
Dis:3:    layout_subdivisions
Dis:4:    layout_subdivisions
Dis:5:    layout_subdivisions
Dis:6:    hangedman_dis_monolith, layout_regular_city
Dis:7:    dis_grunt_layers
Geh:1:    layout_gehenna_lava_caves, evilmike_ambush
          [evilmike_ambush_outer_corners, evilmike_ambush_inner_pond]
Geh:2:    layout_gehenna_lava_caves
Geh:3:    layout_gehenna_lava_caves
Geh:4:    layout_gehenna_lava_caves
Geh:5:    layout_gehenna_pools_box, grunt_megastairs_4
Geh:6:    layout_gehenna_pools_basic
Geh:7:    geh_grunt
Coc:1:    layout_cocytus_water_paths
Coc:2:    layout_ice_bergs
Coc:3:    layout_cocytus_water_paths
Coc:4:    layout_ice_bergs
Coc:5:    layout_ice_bergs
Coc:6:    layout_ice_bergs
Coc:7:    coc_mu
Tar:1:    layout_cathedral_of_symmetry, grunt_megastairs_1
Tar:2:    layout_grid_maze
Tar:3:    layout_honeycomb
Tar:4:    layout_catacombs, nicolae_tar_cuneiform_to_be,
          nicolae_tar_cuneiform_bread, nicolae_tar_cuneiform_not,
          hangedman_tartarus_temple_path, lemuel_nasty_fountain
Tar:5:    grunt_deathspiral_small, layout_cathedral_of_symmetry
Tar:6:    layout_catacombs
Tar:7:    tar_grunt_cathedral
Zot:1:    evilmike_crystal_ball_defense, layout_twisted_circle,
          gammafunk_ghost_grave
Zot:2:    layout_basic, st_small_dragon_hoard_5
Zot:3:    layout_gridlike
Zot:4:    layout_cathedral_of_symmetry, lemuel_golem_globe
Zot:5:    layout_basic, gammafunk_ghost_cemetery, st_stairs_10,
          nicolae_zot_crop_circle

Skill      XL: |  1  2  3  4  5  6  7  8  9 10 11 12 13 14 15 16 17 18 19 20 21 22 23 24 25 26 27 |
---------------+----------------------------------------------------------------------------------+-----
Bows           | 3 4 5 6 7 9 11 12 13 14 16 17 18 19 20 21 22 23 24 25 27 | 27.0
Hexes          | 3 4 5 6 7 8 9 10 11 12 13 14 24 | 24.0
Fighting       | 2 3 4 5 6 8 9 10 11 12 13 14 15 16 17 18 19 20 27 | 27.0
Dodging        | 2 3 4 5 6 7 8 9 10 11 20 | 20.0
Staves         | 1 2 4 5 6 7 8 9 10 11 12 13 27 | 27.0
Armour         | 2 3 4 5 6 7 8 9 10 11 12 13 14 15 22 | 22.8
Spellcasting   | 2 3 4 5 6 7 8 9 10 11 20 | 20.6
Translocations | 3 4 5 6 7 8 9 10 11 12 25 | 25.0
Shields        | 3 |  3.0
Evocations     | 3 6 8 9 10 20 | 20.0
Unarmed Combat | 2 6 8 13 | 13.5
Earth Magic    | 2 4 |  4.0
Transmutations | 3 4 10 | 10.8
Short Blades   | 16 | 16.8
Summonings     | 16 | 16.1
Throwing       | 15 | 15.4
Stealth        | 13 | 13.0
Necromancy     | 18 | 18.4

Action                   |  1- 3 |  4- 6 |  7- 9 | 10-12 | 13-15 | 16-18 | 19-21 | 22-24 | 25-27 || total
-------------------------+-------+-------+-------+-------+-------+-------+-------+-------+-------++-------
Melee: Short sword       |    12 |     1 |       |       |       |       |       |       |       ||    13
       Kick              |     6 |     1 |    85 |    61 |    90 |   161 |   566 |   367 |  4477 ||  5814
       Spear             |    20 |       |       |       |       |       |       |       |       ||    20
       Quarterstaff      |       |       |   312 |   233 |   193 |   364 |   989 |       |    88 ||  2179
       Longbow           |       |       |       |       |    43 |       |       |       |       ||    43
       Lajatang          |       |       |       |       |       |       |   229 |   938 |  8812 ||  9979
       Shortbow          |       |       |       |       |       |       |       |       |     5 ||     5
       Headbutt          |       |       |       |       |       |       |       |       |  1507 ||  1507
 Fire: Shortbow          |    88 |   192 |   328 |       |       |       |       |       |  5555 ||  6163
       Longbow           |       |       |       |   963 |  1869 |  1403 |   741 |   905 |   612 ||  6493
Throw: Dart              |       |       |       |     3 |       |       |       |       |       ||     3
       Javelin           |       |       |       |       |       |       |       |       |    39 ||    39
 Cast: Corona            |       |       |     2 |     8 |    27 |    15 |       |       |       ||    52
       Portal Projectile |       |       |       |       |       |    14 |    13 |     3 |    54 ||    84
       Apportation       |       |       |       |       |       |       |       |     2 |   342 ||   344
       Darkness          |       |       |       |       |       |       |       |       |    39 ||    39
       Controlled Blink  |       |       |       |       |       |       |       |       |    19 ||    19
       Summon Forest     |       |       |       |       |       |       |       |       |    19 ||    19
       Summon Butterflie |       |       |       |       |       |       |       |       |    14 ||    14
       Passage of Golubr |       |       |       |       |       |       |       |       |     7 ||     7
       Dispersal         |       |       |       |       |       |       |       |       |     4 ||     4
       Gell's Gravitas   |       |       |       |       |       |       |       |       |     3 ||     3
       Invisibility      |       |       |       |       |       |       |       |       |     1 ||     1
Invok: Potion Petition   |       |       |       |     1 |       |       |       |       |    42 ||    43
       Call Merchant     |       |       |       |       |     1 |       |     2 |     2 |    21 ||    26
       Bribe Branch      |       |       |       |       |       |       |       |       |     2 ||     2
 Abil: Cancel Portal Pro |       |       |       |       |       |     1 |       |       |    11 ||    12
       Evoke Flight      |       |       |       |       |       |       |     1 |       |    13 ||    14
       Evoke Blink       |       |       |       |       |       |       |       |       |    14 ||    14
       Stop Flying       |       |       |       |       |       |       |       |       |     1 ||     1
Evoke: Wand              |       |       |       |     2 |     2 |     2 |    11 |     1 |    35 ||    53
       Box of beasts     |       |       |       |       |       |       |       |       |    17 ||    17
       Phial of floods   |       |       |       |       |       |       |       |       |     6 ||     6
       Tin of tremorston |       |       |       |       |       |       |       |       |     6 ||     6
       Phantom mirror    |       |       |       |       |       |       |       |       |     5 ||     5
       Lightning rod     |       |       |       |       |       |       |       |       |     2 ||     2
  Use: Potion            |     2 |     3 |     4 |     1 |       |       |    10 |     3 |   104 ||   127
       Scroll            |       |       |     7 |    13 |    13 |    10 |     8 |    10 |   132 ||   193
 Stab: Distracted        |       |       |       |       |       |     2 |    11 |    10 |   209 ||   232
       Confused          |       |       |       |       |       |     2 |     2 |       |       ||     4
       Sleeping          |       |       |       |       |       |       |       |       |    11 ||    11
       Invisible         |       |       |       |       |       |       |       |       |     7 ||     7
       Petrified         |       |       |       |       |       |       |       |       |     1 ||     1
       Betrayed ally     |       |       |       |       |       |       |       |       |     1 ||     1
  Eat: Chunk             |       |     6 |     6 |       |       |       |       |       |       ||    12
       Ration            |       |       |     2 |    11 |    15 |    11 |    11 |    11 |   100 ||   161
Armor: Robe              |    31 |     5 |       |       |       |       |       |       |       ||    36
       Skin              |    33 |     6 |     7 |       |       |       |       |       |       ||    46
       Chain mail        |       |   103 |   303 |   335 |   369 |  1202 |  1248 |   608 |  4769 ||  8937
       Ring mail         |       |       |       |       |   242 |       |       |       |       ||   242
       Plate armour      |       |       |       |       |     4 |       |       |       |       ||     4
Dodge: Dodged            |    31 |    28 |   179 |   435 |   608 |   544 |   577 |   436 |  6131 ||  8969
Block: Other             |       |       |       |       |       |       |       |       |  1247 ||  1247
       Reflection        |       |       |       |       |       |       |       |       |    18 ||    18
